 Dungeon Crawl Stone Soup version 0.31-a0-960-g0fca184906 (webtiles) character file.

Game seed: 14179435778623988640

2096395 MackTheKnife the Slayer (level 26, 222/246 HPs)
             Began as a Grey Draconian Reaver on Oct 20, 2023.
             Was an Elder of Okawaru.
             Escaped with the Orb
             ... and 4 runes on Oct 23, 2023!
             The game lasted 02:32:17 (81431 turns).

MackTheKnife the Slayer (Grey Draconian Reaver)    Turns: 81431, Time: 02:32:17

Health: 222/246    AC: 31    Str: 33    XL:     26   Next: 11%
Magic:  34/37      EV: 35    Int: 15    God:    Okawaru [****..]
Gold:   7131       SH: 34    Dex: 23    Spells: 12/45 levels left

rFire   + . .        T - +9 broad axe (freeze) {axe}
rCold   + . .        M - +8 tower shield {AC+3}
rNeg    + + +        (body armour unavailable)
rPois   +            W - +2 hat {Will+}
rElec   .            X - +2 cloak {rCorr}
rCorr   +            N - +2 pair of gloves {Dex+3}
SInv    .            A - +2 pair of boots
Will    +++..        I - macabre finger necklace {Finger+ rN+}
Stlth   ++           z - ring "Ugihec" {Will+ rCorr Str+6 Dex+4}
HPRegen 0.61/turn    O - ring "Paabrun" {Drain rPois rN++ rCorr Str+6 Dex+2}
MPRegen 0.25/turn    V - ring of Joy {rF+ rC+}

%: no passive effects
@: maw-form, heroic, finesse-ful, studying 2 skills
A: devouring maw, AC +17, amphibious, unfitting armour, cold-blooded
0: Orb of Zot
}: 4/15 runes: barnacled, slimy, silver, gossamer
a: Begin Untransformation, Renounce Religion, Heroism, Finesse


You escaped.
You worshipped Okawaru.
Okawaru was greatly pleased with you.
You were a creature with a mouth for a stomach.
You visited 12 branches of the dungeon, and saw 56 of its levels.
You also visited: Ossuary, Bailey, Gauntlet, Wizlab and Desolation.

You collected 10748 gold pieces.
You spent 3617 gold pieces at shops.


Innate Abilities, Weirdness & Mutations

You are a creature with a mouth for a stomach.
Your midsection houses a second, enormous mouth.
Your dull iron-grey scales are very hard. (AC +17)
You are amphibious.
You cannot fit into any form of body armour.
You are cold-blooded and may be slowed by cold attacks.


   Skills:
 - Level 22.0(27) Fighting
 - Level 14.8(23.0) Axes
 - Level 16.6(23.8) Maces & Flails
 + Level 21.2(26.2) Dodging
 - Level 2.0(7.0) Stealth
 - Level 20.0(25.0) Shields
 - Level 10.0 Spellcasting
 - Level 6.2 Conjurations
 - Level 8.0 Hexes
 - Level 10.0 Translocations
 - Level 8.0 Transmutations
 - Level 3.0 Air Magic
 - Level 6.3 Earth Magic
 - Level 3.0 Poison Magic
 - Level 12.0 Invocations
 - Level 7.0 Evocations
 - Level 10.0 Shapeshifting


You had 12 spell levels left.
You knew the following spells:

 Your Spells              Type           Power      Damage    Failure   Level
a - Vhi's Electric Charg  Tloc/Air       54%        N/A       8%          4
b - Momentum Strike       Conj/Tloc      62%        3d9       1%          2
c - Blink                 Tloc           74%        N/A       1%          2
d - Stone Arrow           Conj/Erth      52%        3d10      2%          3
e - Brom's Barrelling Bo  Conj/Erth      26%        2d5       9%          4
f - Manifold Assault      Tloc           37%        N/A       1%          4
g - Passage of Golubria   Tloc           37%        N/A       1%          4
h - Mephitic Cloud        Conj/Pois/Air  19%        N/A       6%          3
i - Wereblood             Tmut           31%        N/A       1%          2
j - Yara's Violent Unrav  Hex/Tmut       15%        3d8       11%         5

Your spell library contained the following spells:

 Spells                   Type           Power      Damage    Failure   Level
 Apportation              Tloc           74%        N/A       1%          1
 Magic Dart               Conj           100%       1d8       1%          1
 Sandblast                Erth           52%        2d12      1%          1
 Shock                    Conj/Air       84%        1d8       1%          1
 Sting                    Tmut/Pois      96%        1d7       1%          1
 Jinxbite                 Hex            62%        N/A       1%          2
 Lesser Beckoning         Tloc           74%        N/A       1%          2
 Passwall                 Tmut/Erth      24%        N/A       1%          2
 Confusing Touch          Hex            31%        N/A       1%          3
 Dazzling Flash           Conj/Hex       56%        N/A       1%          3
 Gell's Gravitas          Tloc           37%        N/A       1%          3
 Sigil of Binding         Hex            31%        N/A       1%          3
 Teleport Other           Tloc           37%        N/A       1%          3
 Static Discharge         Conj/Air       42%        3-5/arc   2%          2
 Dimensional Bullseye     Hex/Tloc       17%        N/A       2%          4
 Foxfire                  Conj/Fire      64%        2x1d7     3%          1
 Kiss of Death            Conj/Necr      64%        2d10      3%          1
 Iskenderun's Mystic Bla  Conj/Tloc      31%        2d8       3%          4
 Poisonous Vapours        Pois/Air       32%        N/A       4%          2
 Volatile Blastmotes      Fire/Tloc      44%        2d13      4%          3
 Cause Fear               Hex            15%        N/A       4%          4
 Leda's Liquefaction      Hex/Erth       14%        N/A       5%          4
 Petrify                  Tmut/Erth      29%        N/A       5%          4
 Inner Flame              Hex/Fire       19%        N/A       6%          3
 Fulminant Prism          Conj/Hex       14%        3d9       6%          4
 Cigotuvi's Dreadful Rot  Necr/Pois/Air  26%        N/A       7%          2
 Ignite Poison            Fire/Tmut/Pois 18%        N/A       8%          3
 Hailstorm                Conj/Ice       16%        3d6       9%          3
 Swiftness                Air            16%        N/A       10%         3
 Freeze                   Ice            28%        1d5       11%         1
 Necrotise                Necr           28%        1d5       11%         1
 Scorch                   Fire           14%        2d5       16%         2
 Sublimation of Blood     Necr           7%         N/A       16%         2
 Irradiate                Conj/Tmut      14%        3d16      16%         5
 Lee's Rapid Deconstruct  Erth           13%        3d9*      22%         5
 Iskenderun's Battlesphe  Conj           26%        2d8       24%         5
 Dispersal                Tloc           18%        N/A       26%         6
 Airstrike                Air            8%         2d(2-18)  30%         4
 Flame Wave               Conj/Fire      16%        2d7       30%         4
 Olgreb's Toxic Radiance  Pois           16%        N/A       30%         4
 Sticky Flame             Conj/Fire      16%        2d4       30%         4
 Alistair's Intoxication  Tmut/Pois      16%        N/A       30%         5
 Silence                  Hex/Air        12%        N/A       30%         5
 Frozen Ramparts          Ice            14%        1d3       32%         3
 Ozocubu's Armour         Ice            7%         N/A       32%         3
 Vampiric Draining        Necr           7%         2d6       32%         3
 Arcjolt                  Conj/Air       10%        1d20      41%         5
 Metabolic Englaciation   Hex/Ice        9%         N/A       50%         5
 Borgnjor's Vile Clutch   Necr/Erth      8%         N/A       63%         5
 Fireball                 Conj/Fire      8%         3d6       63%         5
 Freezing Cloud           Conj/Ice/Air   8%         6-21      65%         5
 Dispel Undead            Necr           7%         3d8       71%         4
 Bombard                  Conj/Erth      13%        9d3       77%         6
 Agony                    Necr           7%         N/A       96%         5
 Enfeeble                 Hex            15%        N/A       98%         7
 Orb of Destruction       Conj           13%        9d7       100%        7
 Ozocubu's Refrigeration  Ice            3%         4d8       100%        7
 Discord                  Hex            15%        N/A       100%        8
 Ignition                 Fire           3%         3d4       100%        8
 Lehudib's Crystal Spear  Conj/Erth      13%        10d4      100%        8
 Chain Lightning          Conj/Air       10%        3d14      100%        9
 Fire Storm               Conj/Fire      8%         8d2       100%        9
 Shatter                  Erth           13%        3d13*     100%        9
 Tukima's Dance           Hex            Unusable   N/A       N/A         3
 Summon Guardian Golem    Hex/Summ       Unusable   N/A       N/A         3
 Summon Small Mammal      Summ           Unusable   N/A       N/A         1
 Call Imp                 Summ           Unusable   N/A       N/A         2
 Animate Armour           Summ/Erth      Unusable   N/A       N/A         4
 Call Canine Familiar     Summ           Unusable   N/A       N/A         3
 Summon Lightning Spire   Summ/Air       Unusable   N/A       N/A         4
 Animate Dead             Necr           Unusable   N/A       N/A         4
 Death Channel            Necr           Unusable   N/A       N/A         6
 Simulacrum               Ice/Necr       Unusable   N/A       N/A         6
 Summon Cactus Giant      Summ           Unusable   N/A       N/A         6
 Haunt                    Necr/Summ      Unusable   N/A       N/A         7
 Malign Gateway           Summ/Tloc      Unusable   N/A       N/A         7
 Spellforged Servitor     Conj/Summ      Unusable   N/A       N/A         7
 Summon Hydra             Summ           Unusable   N/A       N/A         7
 Dragon's Call            Summ           Unusable   N/A       N/A         9

Inventory:

Hand Weapons
 S - a +5 broad axe of draining {axe}
   (You took it off Urug on level 4 of the Lair of Beasts)
 T - a +9 broad axe of freezing (weapon) {axe}
   (You bought it in a shop on level 12 of the Dungeon)
Armour
 A - a +2 pair of boots (worn)
   (You found it on level 8 of the Dungeon)
 M - a +8 tower shield of protection (worn)
   (You found it on level 5 of the Vaults)
 N - a +2 pair of gloves of dexterity (worn)
   (Okawaru gifted it to you on level 1 of the Lair of Beasts)
 U - a +5 kite shield of protection
   (You took it off a tengu warrior on level 15 of the Dungeon)
 W - a +2 hat of willpower (worn)
   (You found it on level 4 of the Spider Nest)
 X - a +2 cloak of preservation (worn)
   (You took it off Nikola on level 1 of the Spider Nest)
Jewellery
 e - the ring "Jibur" {rPois Str+2 Int+3 SInv}
   (You took it off a ragged hierophant in the Desolation of Salt)

   [ring of poison resistance]

   Str+2:     It affects your strength (+2).
   Int+3:     It affects your intelligence (+3).
   rPois:     It protects you from poison SInv: It lets you see invisible.
 k - the ring of the Shifting Gods {Fly rC+ Int+3}
   (You found it on level 2 of the Dungeon)

   [ring of flight]

   Int+3:     It affects your intelligence (+3).
   rC+:       It protects you from cold.
   Fly:       It grants you flight.
 y - the ring "Tarohure" {Fire Will+ Str+5}
   (You found it in a wizard's laboratory)

   [ring of fire]

   Fire:      It enhances your fire magic.
   Str+5:     It affects your strength (+5).
   rF+:       It protects you from fire.
   rC-:       It makes you vulnerable to cold.
   Will+:     It increases your willpower.
 z - the ring "Ugihec" (left hand) {Will+ rCorr Str+6 Dex+4}
   (You took it off a vault warden on level 5 of the Vaults)

   [ring of strength]

   Str+6:     It affects your strength (+6).
   Dex+4:     It affects your dexterity (+4).
   Will+:     It increases your willpower.
   rCorr:     It protects you from acid and corrosion.
 H - the ring of Leaves {rPois rN+ Str+5}
   (You took it off a vault guard on level 5 of the Vaults)

   [ring of poison resistance]

   Str+5:     It affects your strength (+5).
   rPois:     It protects you from poison rN+: It protects you from negative
   energy.
 I - the macabre finger necklace (around neck) {Finger+ rN+}
   (You bought it in a shop on level 1 of the Depths)

   [amulet of nothing]

   Finger+:   It enables you to equip an extra ring.
   rN+:       It protects you from negative energy.
 O - the ring "Paabrun" (right hand) {Drain rPois rN++ rCorr Str+6 Dex+2}
   (You acquired it on level 5 of the Pits of Slime)

   [ring of strength]

   Str+6:     It affects your strength (+6).
   Dex+2:     It affects your dexterity (+2).
   rPois:     It protects you from poison rN++: It greatly protects you from
   negative energy.
   rCorr:     It protects you from acid and corrosion.
   Drain:     It drains your maximum health when unequipped.
 P - an amulet of guardian spirit
   (You found it on level 5 of the Pits of Slime)
 V - the ring of Joy (on amulet) {rF+ rC+}
   (You bought it in a shop on level 7 of the Dungeon)

   [ring of protection from cold]

   rF+:       It protects you from fire.
   rC+:       It protects you from cold.
 Y - a ring of protection from fire
   (You found it on level 2 of the Spider Nest)
 Z - the amulet "Usets" {Spirit rC+ Int+3}
   (You found it in the Desolation of Salt)

   [amulet of guardian spirit]

   Spirit:    It causes incoming damage to be divided between your reserves of
   health and magic.
   Int+3:     It affects your intelligence (+3).
   rC+:       It protects you from cold.
Talismans
 m - a maw talisman (active)
   (You found it on level 2 of the Lair of Beasts)
Wands
 o - a wand of polymorph (24)
   (You found it on level 11 of the Dungeon)
 q - a wand of roots (34)
   (You found it in a Gauntlet)
 r - a wand of light (28)
   (You found it on level 1 of the Elven Halls)
 B - a wand of mindburst (24)
   (You found it on level 6 of the Dungeon)
 E - a wand of flame (126)
   (You found it on level 7 of the Dungeon)
 L - a wand of digging (11)
   (You found it on level 1 of the Lair of Beasts)
Scrolls
 a - 8 scrolls of poison {!r}
 c - 7 scrolls of fear
 d - 5 scrolls of enchant weapon
 f - 13 scrolls of teleportation {@r4}
 h - 6 scrolls of vulnerability {!r!r}
 j - 7 scrolls of fog
 x - 4 scrolls of silence {!r}
 K - 6 scrolls of revelation
 Q - a scroll of enchant armour
 R - 6 scrolls of immolation {!r!r}
Potions
 b - 6 potions of cancellation
 g - 11 potions of haste {@q3}
 l - 14 potions of curing {@q1}
 n - 6 potions of enlightenment
 s - 5 potions of mutation {!q}
 t - 12 potions of heal wounds {@q2}
 u - 10 potions of brilliance
 w - 7 potions of ambrosia
 C - 13 potions of might
 F - 2 potions of magic
 J - 5 potions of invisibility
Miscellaneous
 p - a tin of tremorstones (2/2) {throwing}
   (You found it on level 3 of the Vaults)
 v - a phial of floods (inert)
   (You found it on level 4 of the Shoals)
 G - a lightning rod (4/4)
   (You found it in the Desolation of Salt)

Dungeon Overview and Level Annotations

Branches:
Dungeon (15/15)            Temple (1/1) D:5            Lair (5/5) D:10
 Shoals (4/4) Lair:2       Spider (4/4) Lair:2        Slime (5/5) Lair:5
    Orc (2/2) D:11            Elf (3/3) Orc:2        Vaults (5/5) D:13
  Crypt (3/3) Vaults:2       Tomb (0/3) Crypt:3      Depths (4/4) D:15
    Zot (5/5) Depths:4    Ossuary (visited)          Bailey (visited)
 WizLab (visited)         Desolation (visited)      Gauntlet (visited)

Altars:
Ashenzari
Cheibriados
Dithmenos
Elyvilon
Fedhas
Gozag
Hepliaklqana
Kikubaaqudgha
Makhleb
Nemelex Xobeh
Okawaru
Qazlal
Ru
Sif Muna
Trog
Uskayaw
Vehumet
Wu Jian
Xom
Yredelemnul
Zin
The Shining One
Jiyva

Shops:
D:2 ?   D:6 :!   D:7 =   D:12 ?((([   D:15 *   Orc:2 (*[:   Elf:1 *(=:*
Elf:2 [   Shoals:3 (   Depths:1 :=:   Depths:4 *

Portals:
Hell: Depths:1 Depths:2 Depths:3 Depths:4
Abyss: Depths:2 Depths:3 Depths:4
Pandemonium: Depths:2
Ziggurat: Depths:1
Trove: D:11 (give 3 scrolls of blinking)

Annotations:
Elf:2 3 runed translucent doors
Crypt:1 9 runed translucent doors
Depths:1 1 runed translucent door
Zot:5 1 runed translucent door, exclusions: 3 upstairs and 1 more exclusion, Toelubet's ghost, veteran CeHu

...###..#####≈≈§§≈≈§#####..##....
...##.### #≈≈≈..§§§≈§≈# ###.###..
..##.## #......)..§.# ##.##..
..##.# ######'###### #.##.#
####.##### ###8'8#8### #####.##.#
# #.##...###.........###..§##.#.#
# #.#....##...........##..≈§#.#.#
# #.#....#...)........##...§#.#.#
#.'...........W.....8(...≈'....
#.#....#............'#...≈#.#.#
#.#....##...........##§§≈§#.#.#
#.##...###....)...)###.§≈##.#.#
##.##### ####8(8#### ######.#..
#.# ######(###### #.#### #.##
#...........# ##.# # ##.###
#≈≈≈.....≈§≈# ###.#####
##..#####≈≈≈≈≈§§#####..##....


There were no monsters in sight!


Message History

You kill the hellwing!
Okawaru accepts your kill.
No target in view!
No target in view!
Aiming: Dig
Press: ? - help, Shift-Dir - straight line A rock wall.
This square is covered in magical glow.
The rock shatters into small pieces.
There is a stone staircase leading up here.
You climb upwards.
There is a stone staircase leading down, spattered with blood here.
What level of the Dungeon? (default 1, ? - help)
There is a stone staircase leading up here.
You climb upwards.
There is a stone staircase leading down here.
There is a stone staircase leading up here.
You climb upwards.
There is a stone staircase leading down here.
A Hell Sentinel comes into view.
You can now deal lightning-fast blows.
You can no longer enter into single combat with a foe.
Okawaru will no longer gift you throwing weapons. 😎 MP[-5]
You lost 5 mp, and now have 32/37 mp.
Unknown command.
You gain the combat prowess of a mighty hero.
The Hell Sentinel gestures at you. The iron shot hits you. 😕 HP[-5] MP[-2]
You take 5 damage, and now have 241/246 hp.
You lost 2 mp, and now have 30/37 mp.
Unknown command. 😕 HP[+1]
You slash the Hell Sentinel!
You bite the Hell Sentinel, but do no damage.
You hit the Hell Sentinel. 😕 MP[+1]
You slice the Hell Sentinel!!
You tail-slap the Hell Sentinel, but do no damage.
You bite the Hell Sentinel, but do no damage.
The Hell Sentinel gestures at you.
The sphere of damnation explodes!
The damnation engulfs you!!
The damnation engulfs the Hell Sentinel.
The Hell Sentinel completely resists. 😕 HP[-29]
You take 29 damage, and now have 213/246 hp.
You slash the Hell Sentinel!
You bite the Hell Sentinel, but do no damage. 😕 HP[+1]
You slice the Hell Sentinel!! You bite the Hell Sentinel!
A Vatraupt and a cacodemon come into view.
You barely miss the Hell Sentinel.
You tail-slap the Hell Sentinel, but do no damage.
You block the Hell Sentinel's attack. x2
Unknown command.
Press: ? - help, v - describe, . - travel
Here: Vatraupt The floor.
Unknown command.
Unknown command.
Unknown command.
Unknown command.
Unknown command.
Unknown command.
Blink to where?
Press: ? - help, Dir - move target
As you read the scroll of blinking {!r}, it crumbles to dust. 😕 HP[+1]
Okay, then.
Blink to where?
Press: ? - help, Dir - move target
As you read the scroll of blinking {!r}, it crumbles to dust.
Aiming: Dig
Press: ? - help, Shift-Dir - straight line A rock wall.
This square is covered in magical glow.
The rock shatters into small pieces. 😕 HP[+1] MP[+1] Blink to where?
Press: ? - help, Dir - move target
As you read the scroll of blinking {!r}, it crumbles to dust. 😕 HP[+1]
You open the door.
There is an open door here. 😕 HP[+1] Blink to where?
Press: ? - help, Dir - move target
As you read the scroll of blinking {!r}, it crumbles to dust. 😕 MP[+1]
There is an open door here.
You see here 6 stones {throwing}. 😕 HP[+1]
There is an open door here. 😕 HP[+1] Blink to where?
Press: ? - help, Dir - move target
As you read the scroll of blinking {!r}, it crumbles to dust. 😕 HP[+1] MP[+1]
You have escaped!

Skill      XL: |  1  2  3  4  5  6  7  8  9 10 11 12 13 14 15 16 17 18 19 20 21 22 23 24 25 26 |
---------------+-------------------------------------------------------------------------------+-----
Stealth        | 1 2 |  2.0
Maces & Flails | 4 5 6 8 10 11 13 15 16 | 16.6
Fighting       | 3 4 5 6 7 10 11 13 15 17 18 20 22 | 22.0
Dodging        | 4 6 8 12 13 15 17 18 20 21 | 21.2
Evocations     | 1 4 7 |  7.0
Earth Magic    | 4 6 |  6.3
Conjurations   | 4 6 |  6.2
Invocations    | 1 4 5 8 12 | 12.0
Translocations | 5 10 | 10.0
Spellcasting   | 4 6 7 8 10 | 10.0
Shapeshifting  | 4 10 | 10.0
Poison Magic   | 3 |  3.0
Air Magic      | 3 |  3.0
Axes           | 8 14 | 14.8
Shields        | 12 15 16 18 20 | 20.0
Transmutations | 5 8 |  8.0
Hexes          | 6 8 |  8.0

Action                     |  1- 3 |  4- 6 |  7- 9 | 10-12 | 13-15 | 16-18 | 19-21 | 22-24 | 25-27 || total
---------------------------+-------+-------+-------+-------+-------+-------+-------+-------+-------++-------
  Melee: Mace              |   132 |   203 |       |       |       |       |       |       |       ||   335
         Tailslap          |     8 |    34 |   103 |    97 |    51 |    84 |   192 |   538 |   129 ||  1236
         Punch             |       |     3 |     8 |     2 |       |       |       |       |       ||    13
         Whip              |       |    74 |   607 |    39 |       |       |       |       |       ||   720
         Flail             |       |       |    12 |       |       |       |       |       |       ||    12
         Dire flail        |       |       |       |   470 |       |       |       |       |       ||   470
         Great mace        |       |       |       |   163 |   832 |  1179 |   809 |       |       ||  2983
         Maw               |       |       |       |       |     7 |   199 |   372 |   828 |   217 ||  1623
         Broad axe         |       |       |       |       |       |       |   823 |  2268 |   553 ||  3644
  Throw: Throwing net      |       |       |       |     1 |       |       |       |       |       ||     1
   Cast: Momentum Strike   |     3 |     2 |     1 |       |       |       |       |       |       ||     6
         Kiss of Death     |       |     1 |     1 |       |       |       |       |       |       ||     2
         Stone Arrow       |       |       |    16 |     3 |       |       |       |       |       ||    19
         Manifold Assault  |       |       |       |       |   237 |   360 |   318 |   200 |    36 ||  1151
         Wereblood         |       |       |       |       |       |     6 |     5 |    13 |     6 ||    30
         Mephitic Cloud    |       |       |       |       |       |       |       |     1 |       ||     1
         Yara's Violent Un |       |       |       |       |       |       |       |       |     1 ||     1
 Invoke: Heroism           |       |       |       |     9 |    15 |    22 |    16 |    25 |    10 ||    97
         Receive Weapon    |       |       |       |     1 |       |       |       |       |       ||     1
         Receive Armour    |       |       |       |     1 |       |       |       |       |       ||     1
         Finesse           |       |       |       |       |    10 |    15 |     8 |    14 |     7 ||    54
  Evoke: Wand              |       |       |     5 |    13 |     9 |     6 |     6 |     1 |    10 ||    50
         Lightning rod     |       |       |       |       |       |       |     3 |       |       ||     3
         Phial of floods   |       |       |       |       |       |       |     3 |       |     1 ||     4
         Tin of tremorston |       |       |       |       |       |       |       |     1 |       ||     1
    Use: Scroll            |     5 |     3 |    12 |     8 |    21 |    14 |     7 |     9 |    20 ||    99
         Potion            |       |       |     1 |     1 |     7 |     3 |       |     2 |     4 ||    18
   Stab: Sleeping          |     3 |     2 |     4 |     5 |     1 |     5 |     2 |     2 |     4 ||    28
         Distracted        |       |       |     1 |       |       |       |       |     2 |       ||     3
         Held in net/web   |       |       |       |     1 |       |       |       |       |       ||     1
         Petrified         |       |       |       |       |       |       |       |     3 |       ||     3
         Invisible         |       |       |       |       |       |       |       |     1 |       ||     1
 Armour: Skin              |    73 |   152 |   267 |   392 |   276 |   557 |   562 |   665 |   116 ||  3060
  Dodge: Dodged            |    82 |   185 |   246 |   438 |   574 |  1072 |   802 |   762 |   151 ||  4312
  Block: Kite shield       |       |       |       |       |       |       |   422 |  1286 |    89 ||  1797
         Tower shield      |       |       |       |       |       |       |       |       |   221 ||   221
   Form: Maw               |       |       |       |       |     1 |       |     1 |       |       ||     2
         Dragon            |       |       |       |       |       |       |     1 |       |       ||     1

Levels and vault maps discovered:
D:1:      dpeg_arrival_morbid_curiosity, layout_basic, serial_forest,
          infiniplex_forest_straight_2, infiniplex_forest_lined_3,
          infiniplex_forest_end_3, infiniplex_forest_lined_3,
          nicolae_concentric_dashed_squares_wild
D:2:      layout_loops_ring, serial_shops, shop, minmay_pentomino_v2
D:3:      lemuel_castle_with_subvaults [lemuel_castle_interior_carwin_2],
          layout_loops_cross, nicolae_overflow_crystal_walls
D:4:      layout_basic, gup_ossuary_entry_pyramid, kennysheep_big_empty_room
D:5:      layout_loops_ring, minmay_temple_entry_statues_fountains,
          lightli_minifort
D:6:      layout_cave_pools, kiku_gazebo_pond_becter, nzn_wu_jian_contemplation,
          led_sif_book, serial_shops, nicolae_inconvenience_store,
          minmay_misc_feat_doors, kb_lookout_dungeons_type,
          nicolae_shop_i_like_big_books
D:7:      layout_loops_ring, serial_shops, nicolae_shop_advertising_works
          [nicolae_subvault_shop_adworks]
D:8:      layout_cave_pods, nicolae_zig_zag_zippers
D:9:      layout_rooms, nicolae_ru_path_of_blood,
          chequers_temple_overflow_statue_of_worship, slow_altar_2,
          enter_bailey_4
D:10:     layout_gridville, minmay_lair_entry_grove
D:11:     layout_roguey, zombieorc2_lemuel, nicolae_trove_entry_crossroad
D:12:     layout_basic, serial_shops, nicolae_shop_tiny_real_fake_doors,
          nicolae_shop_hallway_stairs, shop_fountains,
          nicolae_shop_rolling_square, nicolae_shop_just_a_little_nook,
          due_unseen_surprise, uniq_nessos
D:13:     layout_loops_ring, david_vaults_4, minivault_23
D:14:     layout_long_grid, uniq_azrael
D:15:     hangedman_depths_entry_civil_slaughter, layout_long_grid,
          serial_shops, shop
Temple:   oiseaux_autumnal_temple
Lair:1:   layout_hall_layers, infiniplex_staircase_pool
Lair:2:   layout_roguey, minmay_shoals_entry_lonely_mermaid,
          nicolae_spider_entry_non_spiders, beast_lair_carwin_9,
          grunt_megastairs_3
Lair:3:   layout_long_grid, serial_bayou_shore_b, uniq_snorg
Lair:4:   layout_regular_city, uniq_urug
Lair:5:   grunt_lair_end_beastmaster, layout_loops_ring, slime_entry_1,
          lemuel_centaur_altar, grunt_megastairs_1
Shoals:1: layout_shoals, nicolae_shoals_dead_sea_scrolls
Shoals:2: layout_shoals
Shoals:3: layout_shoals, serial_shops, shop, nicolae_shoals_this_corrosion
Shoals:4: shoals_end_hellmonk_storm_palace [storm_palace_center_square,
          storm_palace_corner_reverse_hut, storm_palace_corner_reverse_hut,
          storm_palace_corner_narrow, storm_palace_corner_pillars], serial_shops
Spider:1: layout_spider_delve, uniq_nikola, uniq_aizul, uniq_mlioglotl,
          uniq_jorgrun, uniq_roxanne
Spider:2: layout_cave_pods, hangedman_spider_mandibles, uniq_arachne,
          uniq_asterion
Spider:3: layout_spider_delve, drop_trap, uniq_kirke
Spider:4: johnstein_spider_rune_arachne_lair, uniq_mara
Slime:1:  layout_caves
Slime:2:  layout_caves, dissolution_awaits
Slime:3:  layout_caves
Slime:4:  layout_caves, cheibrodos_slime_lost_civilization_6
Slime:5:  slime_pit_nicolae_jellycorners
Orc:1:    layout_diamond_mine, nicolae_orc_lava_room, uniq_sonja
Orc:2:    grunt_orc_gardens, layout_caves, grunt_orc_garden, grunt_orc_garden,
          grunt_orc_garden, grunt_orc_garden, gauntlet_entry_generic,
          uniq_erolcha
Elf:1:    elf_arrival_002, layout_loops_corners, special_room
          [special_room_orc], serial_shops, shop, nicolae_shop_crystal, shop,
          nicolae_book_shop_shelving, nicolae_take_the_stairs,
          minmay_elf_sorcery, st_stairs_5
Elf:2:    elven_hall_of_blades_hangedman_original
          [infiniplex_blade_entry_pillars], layout_loops_cross, serial_shops,
          nicolae_shop_stone, uniq_saint_roka
Elf:3:    minmay_elf_hall_circle, layout_onion_city
Vaults:1: nicolae_vaults_triangles, nicolae_vaults_storage_closets_3,
          hangedman_vaults_snaps, hangedman_vaults_stagger,
          nicolae_vaults_trapezoid_lopsided_3, nicolae_vaults_octothorpe,
          v_misc_27, nicolae_vaults_house_2, ontoclasm_vaults_eye,
          hangedman_vaults_stretched_pinwheel, nicolae_vaults_angled_halls,
          ontoclasm_vaults_pinch, layout_vaults_omnigrid
Vaults:2: hangedman_vaults_maws, minmay_crypt_entry_simple_sparse,
          grunt_vaults_swirl, nicolae_vaults_little_ls,
          nicolae_vaults_network_quincunx
          [nicolae_vaults_network_quincunx_subvault,
          nicolae_vaults_network_quincunx_subvault,
          nicolae_vaults_network_quincunx_subvault,
          nicolae_vaults_network_quincunx_subvault,
          nicolae_vaults_network_quincunx_subvault], vaults_dpeg_encased_lava,
          vaults_room_octagon, nicolae_vaults_closet_pinwheel_5,
          nicolae_vaults_trapezoid_lopsided_4, ontoclasm_vaults_twist,
          nicolae_vaults_trapezoid_1, layout_vaults_omnibox
Vaults:3: nicolae_vaults_heart-shaped_vault, grunt_vaults_focal,
          nicolae_vaults_double_plus_1, v_pattern_4,
          nicolae_vaults_security_offices_2, vaults_mumra_minichess_inversion,
          nicolae_vaults_diamond_1, nicolae_vaults_six-pack,
          nicolae_vaults_tetromino_L_1, layout_vaults_chaotic_city
Vaults:4: portal_desolation_entry_salt, nicolae_vaults_closet_pinwheel_3,
          nicolae_vaults_network_periphery, v_alt_pattern_2,
          nicolae_vaults_diagonal_hallway_9, nicolae_vaults_storage_closets_1,
          vaults_room_boxed, st_smaller_cells, nicolae_vaults_heist,
          v_alt_pattern_1, nicolae_vaults_diagonal_hallway_8,
          layout_vaults_omnicross
Vaults:5
Crypt:1:  cheibrodos_crypt_3hun_7po, layout_regular_city, mu_enter_wizlab_4
Crypt:2:  layout_rooms, nicolae_crypt_knee_deep_in_the_dead
Crypt:3:  church_of_pain_bobbens, layout_chaotic_city,
          tomb_entry_simple_bobbens, grunt_ministairs_2
Depths:1: layout_cave_pools, enter_ziggurat_e, hell_entry,
          kennysheep_treasure_room, minmay_shop_grove, serial_bayou_shore_b
Depths:2: minmay_ornate_pinched, layout_cave_pools, grunt_hell_horde,
          abyss_entry_small_statue_room, grunt_pan_entry_zigzag, uniq_grunn
Depths:3: nzn_winding_woodlands_stair_cross [nzn_winding_woodlands_5x15_garden,
          nzn_winding_woodlands_center_lodge, nzn_winding_woodlands_5x15_zeroes,
          nzn_winding_woodlands_5x5_closed_star,
          nzn_winding_woodlands_5x5_cross, nzn_winding_woodlands_5x15_pockets,
          nzn_winding_woodlands_center_triple_pond,
          nzn_winding_woodlands_5x15_eye], layout_honeycomb,
          pf_vacation_house_of_asmodeus, abyss_entry, nicolae_fountain_basement,
          firewood_loft, infiniplex_staircase_pool_2, uniq_jory
Depths:4: grunt_zot_entry_alcove, layout_basic, serial_rivers,
          chequers_serial_rivers_micro_b, chequers_serial_rivers_marsh,
          chequers_serial_rivers_marsh, chequers_serial_rivers_micro_b,
          chequers_serial_rivers_micro_a, abyss_entry, hell_entry,
          nicolae_blasting_shop, lemuel_statue_altar, serial_bayou_shore_b,
          grunt_megastairs_2
Zot:1:    layout_onion_interference, regret_index_zotdec_magical_s
Zot:2:    layout_basic, nicolae_tricolors, uniq_parghit
Zot:3:    kennysheep_oblong_rooms, layout_cathedral_of_symmetry
Zot:4:    layout_gridlike, lemuel_elevator
Zot:5:    layout_cellular_growth, ebering_ghost_xom, grunt_ministairs_7,
          hangedman_zot_diagonal_lockstep

Notes
Turn   | Place    | Note
-------+----------+-------------------------------------------
     0 | D:1      | MackTheKnife the Draconian Reaver began the quest for the
                  | Orb.
     0 | D:1      | Reached XP level 1. HP: 17/17 MP: 3/3
     0 | D:1      | magus.rc [v1.9.6]
   261 | D:1      | Reached XP level 2. HP: 24/24 MP: 5/5
   270 | D:1      | Learned a level 2 spell: Momentum Strike
   928 | D:2      | Found Iniowy's Magic Scroll Shop.
   948 | D:2      | Bought a scroll of identify for 26 gold pieces
   948 | D:2      | Bought a scroll of teleportation for 39 gold pieces
  1083 | D:2      | Reached skill level 1 in Stealth
  1156 | D:2      | Reached XP level 3. HP: 29/29 MP: 6/6
  1386 | D:2      | Reached skill level 2 in Stealth
  1417 | D:2      | Reached skill level 4 in Maces & Flails
  1450 | D:2      | Identified the ring of the Shifting Gods {Fly rC+ Int+3}
  1793 | D:2      | Bought a scroll of identify for 26 gold pieces
  1819 | D:2      | Reached XP level 4. HP: 37/37 MP: 7/7
  1928 | D:3      | Found a stormy altar of Qazlal.
  2436 | D:3      | Reached skill level 3 in Fighting
  2499 | D:3      | Reached XP level 5. HP: 45/45 MP: 8/8
  2652 | D:3      | Reached skill level 4 in Fighting
  2652 | D:3      | Reached skill level 5 in Maces & Flails
  2847 | D:3      | Noticed an ogre
  2964 | D:2      | Reached XP level 6. HP: 41/53 MP: 9/9
  3660 | D:3      | You add the spells Blink and Manifold Assault to your
                  | library.
  3800 | D:4      | Reached skill level 6 in Maces & Flails
  4004 | D:4      | Your scales start taking on a dull iron-grey colour.
  4004 | D:4      | Reached XP level 7. HP: 58/60 MP: 10/10
  4065 | D:4      | You pick up a book of Cantrips and begin reading...
  4065 | D:4      | You add the spells Necrotise, Summon Small Mammal and
                  | Apportation to your library.
  4244 | D:4      | Reached skill level 7 in Maces & Flails
  4372 | D:4      | Found a sand-covered staircase.
  4384 | Ossuary  | Entered an ossuary
  4885 | Ossuary  | Reached skill level 5 in Fighting
  4936 | Ossuary  | Noticed Menkaure
  4949 | Ossuary  | Killed Menkaure
  5231 | D:5      | Entered Level 5 of the Dungeon
  5365 | D:5      | You pick up a book of Spatial Translocations and begin
                  | reading...
  5369 | D:5      | Learned a level 2 spell: Blink
  5470 | D:5      | Reached skill level 8 in Maces & Flails
  5529 | D:5      | Found a staircase to the Ecumenical Temple.
  5547 | D:5      | Reached XP level 8. HP: 65/70 MP: 11/11
  5554 | D:5      | Reached skill level 6 in Fighting
  5561 | Temple   | Entered the Ecumenical Temple
  5589 | Temple   | Became a worshipper of Warmaster Okawaru
  6117 | D:5      | Reached skill level 9 in Maces & Flails
  6272 | D:5      | Reached * piety under Okawaru
  6304 | D:5      | You pick up a book of Geomancy and begin reading...
  6304 | D:5      | You add the spells Sandblast, Passwall, Stone Arrow and
                  | Brom's Barrelling Boulder to your library.
  6430 | D:6      | Identified the of Akozij
  6432 | D:6      | You add the spells Passage of Golubria and Yara's Violent
                  | Unravelling to your library.
  6434 | D:6      | Found an ancient bone altar of Kikubaaqudgha.
  6541 | D:6      | Found an ornate altar of the Wu Jian Council.
  6657 | D:6      | Reached skill level 10 in Maces & Flails
  6714 | D:6      | Reached skill level 2 in Dodging
  6883 | D:6      | Reached skill level 3 in Dodging
  6890 | D:6      | Identified a scroll of acquirement
  6891 | D:6      | Acquired a +3 dire flail of protection
  6987 | D:6      | Reached ** piety under Okawaru
  6999 | D:6      | Reached skill level 4 in Dodging
  6999 | D:6      | Reached XP level 9. HP: 68/75 MP: 12/12
  7098 | D:6      | Found Zavvos's Tremendous Tomes.
  7130 | D:6      | Found a shimmering blue altar of Sif Muna.
  7142 | D:6      | Found Cekipeiw's Distillery.
  7186 | D:6      | Bought a potion of heal wounds for 70 gold pieces
  7186 | D:6      | Bought a potion of berserk rage for 70 gold pieces
  7186 | D:6      | Bought a potion of might for 56 gold pieces
  7435 | D:6      | Reached skill level 5 in Dodging
  7657 | D:7      | Reached skill level 6 in Dodging
  7817 | D:7      | Reached *** piety under Okawaru
  7818 | D:7      | Reached skill level 1 in Evocations
  7844 | D:7      | Learned a level 3 spell: Stone Arrow
  7907 | D:7      | Reached skill level 1 in Earth Magic
  8201 | D:7      | Reached skill level 2 in Earth Magic
  8380 | D:7      | Found Lurat's Jewellery Shoppe.
  8652 | D:7      | Reached skill level 4 in Conjurations
  8652 | D:7      | Reached skill level 3 in Earth Magic
  9166 | D:8      | Reached skill level 4 in Earth Magic
  9753 | D:7      | Reached XP level 10. HP: 63/79 MP: 1/13
  9768 | D:7      | Reached **** piety under Okawaru
  9769 | D:7      | Reached skill level 5 in Conjurations
 10040 | D:9      | Found a snail-covered altar of Cheibriados.
 10049 | D:9      | Reached skill level 5 in Earth Magic
 10059 | D:9      | Reached skill level 6 in Conjurations
 10059 | D:9      | Reached skill level 6 in Earth Magic
 10124 | D:9      | Reached skill level 2 in Evocations
 10171 | D:8      | Reached ***** piety under Okawaru
 10255 | D:9      | Reached skill level 3 in Evocations
 10268 | D:9      | Reached skill level 4 in Evocations
 10347 | D:9      | Reached skill level 11 in Maces & Flails
 10360 | D:9      | Reached skill level 7 in Fighting
 10371 | D:9      | Found a flagged portal.
 10376 | Bailey   | Entered a bailey
 10858 | D:9      | Found a bloodstained altar of Trog.
 10858 | D:9      | Found a sparkling altar of Nemelex Xobeh.
 10860 | D:9      | Found an opulent altar of Gozag.
 11158 | D:9      | Reached XP level 11. HP: 92/93 MP: 14/14
 11237 | D:9      | Found a sacrificial altar of Ru.
 11269 | D:10     | Entered Level 10 of the Dungeon
 11296 | D:10     | Reached skill level 8 in Fighting
 11546 | D:10     | Received a gift from Okawaru
 11806 | D:10     | Found a staircase to the Lair.
 11855 | D:10     | Reached skill level 12 in Maces & Flails
 12111 | D:10     | Reached skill level 9 in Fighting
 12179 | D:10     | Received a gift from Okawaru
 12533 | Lair:1   | Entered Level 1 of the Lair of Beasts
 12536 | Lair:1   | Noticed a catoblepas
 12712 | Lair:1   | Killed a catoblepas
 12934 | Lair:1   | Reached skill level 10 in Fighting
 12946 | Lair:1   | Received a gift from Okawaru
 13194 | Lair:1   | Reached skill level 13 in Maces & Flails
 13528 | Lair:1   | Reached ****** piety under Okawaru
 13529 | Lair:1   | Acquired the +9 great mace of the Blowfly {heavy, Drain
                  | +Blink rPois Str+5}
 13529 | Lair:1   | Received a gift from Okawaru
 13531 | Lair:1   | Acquired a +0 pair of gloves of dexterity
 13531 | Lair:1   | Received a gift from Okawaru
 13680 | Lair:1   | Received a gift from Okawaru
 13681 | Lair:1   | Reached skill level 1 in Invocations
 13734 | Lair:2   | Reached XP level 12. HP: 108/108 MP: 15/15
 13767 | Lair:2   | Reached skill level 2 in Invocations
 13882 | Lair:2   | Found a hole to the Spider Nest.
 13906 | Lair:2   | Found a staircase to the Shoals.
 13919 | Lair:2   | Reached skill level 3 in Invocations
 14073 | Lair:2   | Reached skill level 4 in Invocations
 14195 | Lair:2   | You pick up a book of Scorching and begin reading...
 14195 | Lair:2   | You add the spells Scorch and Flame Wave to your library.
 14222 | Lair:2   | Received a gift from Okawaru
 14223 | Lair:2   | Reached skill level 14 in Maces & Flails
 14785 | Lair:2   | Learned a level 4 spell: Brom's Barrelling Boulder
 14787 | Lair:2   | magus.rc [v1.9.6]
 15163 | Lair:3   | You pick up a book of the Moon and begin reading...
 15163 | Lair:3   | You add the spells Silence and Lehudib's Crystal Spear to
                  | your library.
 15257 | Lair:3   | Noticed Snorg
 15270 | Lair:3   | Killed Snorg
 15402 | Lair:3   | Reached skill level 15 in Maces & Flails
 15404 | Lair:3   | Reached skill level 1 in Translocations
 15406 | Lair:3   | Reached skill level 2 in Translocations
 15431 | Lair:3   | Received a gift from Okawaru
 15437 | Lair:3   | Reached skill level 3 in Translocations
 15704 | Lair:3   | Reached skill level 3 in Spellcasting
 15782 | Lair:4   | Reached skill level 4 in Translocations
 16047 | Lair:4   | Reached skill level 4 in Spellcasting
 16153 | Lair:4   | Noticed Urug
 16254 | Lair:4   | Learned a level 4 spell: Manifold Assault
 16294 | Lair:4   | Reached skill level 5 in Translocations
 16299 | Lair:4   | Reached XP level 13. HP: 97/115 MP: 19/19
 16311 | Lair:4   | Reached skill level 5 in Spellcasting
 16651 | Lair:4   | You pick up a book of Touch and begin reading...
 16651 | Lair:4   | You add the spells Confusing Touch and Dispel Undead to
                  | your library.
 16767 | Lair:4   | Reached skill level 6 in Translocations
 16788 | Lair:4   | Received a gift from Okawaru
 16923 | Lair:4   | Killed Urug
 16924 | Lair:4   | Reached skill level 6 in Spellcasting
 17036 | Lair:4   | Identified the +3 arbalest of the Jolly Things {heavy,
                  | Int+3}
 17290 | Lair:5   | Entered Level 5 of the Lair of Beasts
 17294 | Lair:5   | Reached skill level 7 in Translocations
 17412 | Lair:5   | You pick up a book of Minor Magic and begin reading...
 17412 | Lair:5   | You add the spells Magic Dart and Mephitic Cloud to your
                  | library.
 17428 | Lair:5   | Reached skill level 8 in Translocations
 17641 | Lair:5   | You pick up a book of Cantrips and begin reading...
 17709 | Lair:5   | Reached skill level 9 in Translocations
 17803 | Lair:5   | Found a staircase to the Slime Pits.
 17803 | Lair:5   | Found a viscous altar of Jiyva.
 17860 | Lair:5   | Found a hide-covered altar of Uskayaw.
 18043 | Lair:5   | Received a gift from Okawaru
 18172 | Lair:5   | Reached skill level 10 in Translocations
 18488 | Lair:5   | Reached skill level 7 in Dodging
 18528 | Lair:5   | Received a gift from Okawaru
 18652 | Lair:5   | Reached skill level 8 in Dodging
 18658 | Lair:5   | Noticed a dire elephant
 18670 | Lair:5   | Killed a dire elephant
 18671 | Lair:5   | Reached XP level 14. HP: 111/122 MP: 3/23
 18862 | Lair:5   | Identified the +0 leather armour of the Heavens {rC+}
 19438 | D:11     | Reached skill level 9 in Dodging
 19447 | D:11     | Received a gift from Okawaru
 19466 | D:11     | Found a staircase to the Orcish Mines.
 19785 | D:11     | Found a portal to a secret trove of treasure.
 19973 | D:11     | Identified the +6 chain mail of Myamaj {Int+3}
 20116 | Orc:1    | Entered Level 1 of the Orcish Mines
 20163 | Orc:1    | Noticed an orc warlord
 20477 | D:11     | Killed an orc warlord
 20627 | Orc:2    | Entered Level 2 of the Orcish Mines
 20648 | Orc:2    | Noticed an orc warlord
 20685 | Orc:2    | Reached skill level 10 in Dodging
 20692 | Orc:2    | Killed an orc warlord
 20818 | Orc:2    | Found a gate leading to a gauntlet.
 20827 | Gauntlet | Entered a Gauntlet
 20827 | Gauntlet | Found a transporter.
 20827 | Gauntlet | Found a transporter.
 20884 | Gauntlet | Found a transporter.
 20894 | Gauntlet | Found a transporter.
 20902 | Gauntlet | Found a transporter.
 20906 | Gauntlet | Found a transporter.
 20917 | Gauntlet | Found a transporter.
 20924 | Gauntlet | Found a runed translucent door.
 20936 | Gauntlet | Found a transporter.
 20950 | Gauntlet | Found a transporter.
 20963 | Gauntlet | Found a transporter.
 20975 | Gauntlet | Found a transporter.
 20976 | Gauntlet | Found a transporter.
 21150 | Gauntlet | Identified the +4 quarterstaff of the Wilderness {flame,
                  | Str+3 Dex+3}
 21160 | Gauntlet | Reached skill level 11 in Dodging
 21216 | Orc:2    | Found a staircase to the Elven Halls.
 21247 | Orc:2    | Received a gift from Okawaru
 21359 | Orc:2    | Found Ciekheick's Book Boutique.
 21388 | Orc:2    | Found Suil's General Store.
 21389 | Orc:2    | Noticed an orc warlord
 21409 | Orc:2    | Killed an orc warlord
 21417 | Orc:2    | Noticed Erolcha
 21427 | Orc:2    | Killed Erolcha
 21543 | Orc:2    | Bought a scroll of identify for 28 gold pieces
 21611 | Orc:2    | Reached skill level 12 in Dodging
 21719 | Orc:2    | Found Rokk's Antique Weapon Shoppe.
 21733 | Orc:2    | Found Ewkeeceo's Antique Armour Emporium.
 21735 | Orc:2    | Reached skill level 11 in Fighting
 22330 | Orc:2    | Bought a +0 cloak of preservation for 161 gold pieces
 22341 | Orc:2    | Bought a potion of enlightenment for 70 gold pieces
 22341 | Orc:2    | magus.rc [v1.9.6]
 22346 | Orc:2    | Learned a level 4 spell: Passage of Golubria
 22408 | D:12     | Found Pigirum's Armour Emporium.
 22503 | D:12     | Reached skill level 5 in Invocations
 22751 | D:12     | Found Fyeluc Wydwi's Weapon Emporium.
 22791 | D:12     | Found Fong's Antique Weapon Emporium.
 22802 | D:12     | Reached skill level 1 in Shapeshifting
 22897 | D:12     | Received a gift from Okawaru
 22992 | D:12     | Reached skill level 2 in Shapeshifting
 23188 | D:12     | Found Hifede's Antique Weapon Shoppe.
 23280 | D:12     | Noticed Nessos
 23283 | D:12     | Killed Nessos
 23284 | D:12     | Reached skill level 3 in Shapeshifting
 23699 | D:12     | Found Gequm's Magic Scroll Emporium.
 23707 | D:12     | Bought a scroll of blinking for 90 gold pieces
 24316 | D:13     | You pick up a book of Party Tricks and begin reading...
 24316 | D:13     | You add the spells Jinxbite and Alistair's Intoxication to
                  | your library.
 24333 | D:13     | Paralysed by an arcanist for 2 turns
 24336 | D:13     | Reached skill level 4 in Shapeshifting
 24553 | D:13     | Received a gift from Okawaru
 24596 | D:13     | Reached XP level 15. HP: 130/130 MP: 20/24
 24852 | D:13     | Found a gate to the Vaults.
 25043 | D:14     | Reached skill level 5 in Shapeshifting
 25501 | D:14     | You pick up a book of Air and begin reading...
 25501 | D:14     | You add the spells Shock, Swiftness and Airstrike to your
                  | library.
 25555 | D:14     | Noticed Azrael
 25561 | D:14     | Reached skill level 6 in Shapeshifting
 25561 | D:14     | Killed Azrael
 26265 | D:15     | Entered Level 15 of the Dungeon
 26267 | D:15     | Received a gift from Okawaru
 26299 | D:15     | Reached skill level 7 in Shapeshifting
 26320 | D:15     | Found a staircase to the Depths.
 26713 | D:15     | You add the spells Cigotuvi's Dreadful Rot, Ignite Poison
                  | and Freezing Cloud to your library.
 26758 | D:15     | Found Resosin's General Store.
 26766 | D:15     | Bought a scroll of blinking for 127 gold pieces
 26766 | D:15     | Bought a potion of heal wounds for 85 gold pieces
 26878 | D:15     | Reached skill level 8 in Shapeshifting
 27542 | Spider:1 | Entered Level 1 of the Spider Nest
 27925 | Spider:1 | Noticed Roxanne
 27927 | Spider:1 | Noticed Mlioglotl
 27961 | Spider:1 | Killed Mlioglotl
 27962 | Spider:1 | Reached skill level 9 in Shapeshifting
 27977 | Spider:1 | Noticed Jorgrun
 27978 | Spider:1 | Killed Roxanne
 27983 | Spider:1 | Received a gift from Okawaru
 27990 | Spider:1 | Noticed Nikola
 28485 | Spider:1 | Killed Jorgrun
 28661 | Spider:1 | Noticed Aizul
 28670 | Spider:1 | Killed Aizul
 28671 | Spider:1 | Reached skill level 10 in Shapeshifting
 28868 | Spider:1 | Killed Nikola
 28869 | Spider:1 | Reached skill level 12 in Fighting
 28875 | Spider:1 | Received a gift from Okawaru
 29594 | Spider:1 | Upgraded the game from 0.31-a0-940-gdaa99269f9 to
                  | 0.31-a0-960-g0fca184906
 29594 | Spider:1 | magus.rc [v1.9.6]
 29636 | Spider:2 | Reached skill level 13 in Fighting
 29765 | Spider:2 | Learned a level 3 spell: Mephitic Cloud
 29940 | Spider:2 | Reached XP level 16. HP: 144/144 MP: 9/25
 30119 | Spider:2 | Reached skill level 1 in Poison Magic
 30122 | Spider:2 | Received a gift from Okawaru
 30123 | Spider:2 | Reached skill level 1 in Air Magic
 30282 | Spider:2 | Identified the +7 whip "Qeobleok" {protect, Will+ Dex+6
                  | SInv Stlth+}
 30294 | Spider:2 | Reached skill level 2 in Poison Magic
 30473 | Spider:2 | Reached skill level 2 in Air Magic
 30535 | Spider:2 | Noticed Asterion
 30540 | Spider:2 | Killed Asterion
 30599 | Spider:2 | Reached skill level 3 in Poison Magic
 30865 | Spider:2 | Reached skill level 3 in Air Magic
 31072 | Spider:2 | You pick up a book of Changes and begin reading...
 31072 | Spider:2 | You add the spells Wereblood and Irradiate to your library.
 31141 | Spider:2 | Learned a level 2 spell: Wereblood
 31191 | Spider:2 | Noticed Arachne
 31197 | Spider:2 | Killed Arachne
 31198 | Spider:2 | Reached skill level 14 in Fighting
 31366 | Spider:2 | magus.rc [v1.9.6]
 31388 | Spider:3 | Noticed Kirke
 31452 | Spider:3 | Noticed a sphinx
 31454 | Spider:3 | Killed Kirke
 32174 | Spider:3 | You add the spells Gell's Gravitas, Teleport Other and
                  | Dispersal to your library.
 32192 | Spider:4 | Entered Level 4 of the Spider Nest
 32226 | Spider:4 | Received a gift from Okawaru
 32334 | Spider:4 | Noticed Mara
 32335 | Spider:4 | Reached skill level 15 in Fighting
 32396 | Spider:3 | HP: 31/138 [jumping spider[a jorogumo] (4)]
 33254 | Spider:4 | Reached skill level 13 in Dodging
 33630 | Spider:4 | Reached skill level 6 in Invocations
 33921 | Spider:4 | You pick up a book of Blood and begin reading...
 33931 | Spider:4 | Reached skill level 7 in Invocations
 34185 | Spider:4 | Noticed MackTheKnife's illusion
 34198 | Spider:4 | Killed Mara
 34198 | Spider:4 | Received a gift from Okawaru
 34199 | Spider:4 | Reached skill level 8 in Invocations
 34371 | Spider:4 | Reached XP level 17. HP: 108/151 MP: 3/26
 34452 | Spider:4 | Reached skill level 9 in Invocations
 34861 | Spider:4 | Received a gift from Okawaru
 34881 | Spider:4 | Reached skill level 10 in Invocations
 35037 | Spider:4 | Got a gossamer rune of Zot
 35528 | Shoals:1 | Entered Level 1 of the Shoals
 35785 | Shoals:1 | Reached skill level 11 in Invocations
 36185 | Shoals:1 | Acquired 1037 gold pieces
 36424 | Shoals:1 | Reached skill level 12 in Invocations
 36535 | Shoals:1 | Noticed a kraken
 36541 | Shoals:1 | Killed a kraken
 37277 | Shoals:2 | Received a gift from Okawaru
 37426 | Shoals:2 | Reached skill level 14 in Dodging
 37579 | Shoals:2 | You pick up a book of Blasting and begin reading...
 37579 | Shoals:2 | You add the spells Volatile Blastmotes, Fulminant Prism and
                  | Iskenderun's Mystic Blast to your library.
 38321 | Shoals:3 | Found Tyoluthi's Weapon Boutique.
 39035 | Shoals:3 | Received a gift from Okawaru
 39690 | Shoals:3 | Reached skill level 15 in Dodging
 39970 | Shoals:4 | Identified the "Axaffoj"
 39970 | Shoals:4 | Entered Level 4 of the Shoals
 40010 | Shoals:4 | Paralysed by an air elemental for 1 turns
 40109 | Shoals:4 | Paralysed by an air elemental for 1 turns
 40116 | Shoals:4 | Received a gift from Okawaru
 40295 | Shoals:4 | Paralysed by an air elemental for 1 turns
 40298 | Shoals:4 | Paralysed by an air elemental for 1 turns
 40527 | Shoals:4 | Reached XP level 18. HP: 134/163 MP: 5/27
 41157 | Shoals:4 | Identified the amulet of Zief {Spirit Int+4}
 41621 | Shoals:4 | Got a barnacled rune of Zot
 41637 | Shoals:4 | You pick up a book of Flames and begin reading...
 41637 | Shoals:4 | You add the spells Inner Flame and Sticky Flame to your
                  | library.
 41765 | Shoals:4 | Received a gift from Okawaru
 42050 | Vaults:1 | Entered Level 1 of the Vaults
 42068 | Vaults:1 | Reached skill level 16 in Fighting
 42231 | Vaults:1 | Reached skill level 16 in Maces & Flails
 42462 | Vaults:1 | Identified the +2 pair of gloves of the Skies Above {rPois}
 42677 | Vaults:1 | magus.rc [v1.9.6]
 42714 | Vaults:1 | You pick up a book of Sloth and begin reading...
 42714 | Vaults:1 | You add the spells Frozen Ramparts, Petrify and Metabolic
                  | Englaciation to your library.
 43550 | Vaults:1 | Received a gift from Okawaru
 43966 | D:12     | Bought a +2 broad axe of freezing for 345 gold pieces
 44205 | Vaults:2 | Reached skill level 1 in Axes
 44325 | Vaults:2 | Reached skill level 17 in Fighting
 44339 | Vaults:2 | HP: 21/138 [vault warden/+1 long sword of draining (31)]
 44581 | Vaults:2 | Reached skill level 2 in Axes
 44749 | Vaults:2 | You are sucked into a shaft and drop 2 floors!
 44821 | Vaults:4 | Reached skill level 3 in Axes
 44821 | Vaults:4 | Found a crumbling gateway.
 44870 | Desolati | Entered the Desolation of Salt
 44911 | Desolati | Reached skill level 4 in Axes
 45163 | Desolati | Identified the +6 plate armour of Moral Flaws {*Corrode
                  | Will+ Int+7 Stlth-}
 45166 | Desolati | Identified the amulet "Usets" {Spirit rC+ Int+3}
 45184 | Desolati | Reached skill level 5 in Axes
 45356 | Desolati | Reached skill level 6 in Axes
 45477 | Desolati | You add the spells Olgreb's Toxic Radiance, Ignition and
                  | Discord to your library.
 45479 | Desolati | Identified the +0 robe of Led Umuf {rElec rC+ SInv
                  | Archmagi}
 45481 | Desolati | You pick up a book of Minor Magic and begin reading...
 45482 | Desolati | Identified the +7 trident of Mourning {freeze, Str+2 Int+5
                  | Stlth-}
 45613 | Desolati | Reached skill level 7 in Axes
 45659 | Desolati | You pick up a book of Annihilations and begin reading...
 45659 | Desolati | You add the spells Chain Lightning, Fire Storm and Shatter
                  | to your library.
 45665 | Desolati | Identified the +2 plate armour of the Saviour {Rampage
                  | rElec Regen+}
 45713 | Desolati | magus.rc [v1.9.6]
 45985 | Desolati | Identified the +3 hand axe "Voudwefe" {venom, Fly}
 46005 | Desolati | Reached skill level 8 in Axes
 46005 | Desolati | Reached XP level 19. HP: 88/177 MP: 17/28
 46240 | Desolati | Identified the ring "Ihuop" {Drain rN+ rCorr Dex+5}
 46340 | Desolati | Identified the +2 broad axe of Cocytus {flame, Drain +Blink
                  | rC++}
 46340 | Desolati | Identified the ring "Jibur" {rPois Str+2 Int+3 SInv}
 46485 | Desolati | Reached skill level 9 in Axes
 47056 | Vaults:3 | Identified the +7 battleaxe "Jismueh" {spect, +Blink
                  | Stlth+}
 47254 | Vaults:3 | Reached skill level 10 in Axes
 47730 | Vaults:3 | Reached skill level 11 in Axes
 48142 | Vaults:2 | Reached skill level 12 in Axes
 48369 | Vaults:2 | Found a staircase to the Crypt.
 48942 | Vaults:2 | Received a gift from Okawaru
 49468 | Vaults:3 | Reached skill level 13 in Axes
 49895 | Vaults:3 | Received a gift from Okawaru
 49896 | Vaults:3 | Reached skill level 14 in Axes
 50606 | Vaults:3 | You pick up a book of Touch and begin reading...
 50910 | Vaults:4 | Reached XP level 20. HP: 177/184 MP: 2/29
 50919 | Vaults:4 | Reached skill level 1 in Shields
 51105 | Vaults:4 | Reached skill level 2 in Shields
 51300 | Vaults:4 | Reached skill level 3 in Shields
 51632 | Vaults:4 | Reached skill level 4 in Shields
 51875 | Vaults:4 | Reached skill level 5 in Shields
 52234 | Vaults:4 | Reached skill level 6 in Shields
 52923 | Vaults:4 | Reached skill level 7 in Shields
 53534 | Vaults:5 | Identified the "Oleufyul"
 53534 | Crypt:3  | Identified the "Kadanide"
 53534 | Depths:2 | Identified the of Kipoetakh
 53534 | Elf:1    | Identified the "Qeqaus"
 53534 | Elf:1    | Entered Level 1 of the Elven Halls
 53537 | Elf:1    | Received a gift from Okawaru
 53539 | Elf:1    | Reached skill level 8 in Shields
 54092 | Orc:1    | Noticed Sonja
 54095 | Orc:1    | Killed Sonja
 54444 | Elf:1    | Paralysed by an air elemental for 1 turns
 54467 | Elf:1    | Reached skill level 9 in Shields
 54687 | Elf:1    | Received a gift from Okawaru
 54707 | Elf:1    | Reached skill level 10 in Shields
 55517 | Elf:1    | Reached skill level 11 in Shields
 55519 | Elf:1    | Found Xeahoxtaink's Book Shoppe.
 55782 | Elf:1    | Found Gaaxedgh's Weapon Shop.
 56277 | Elf:1    | Found Ywkan's General Store.
 56285 | Elf:1    | Bought a scroll of revelation for 135 gold pieces
 56285 | Elf:1    | Bought a scroll of enchant armour for 135 gold pieces
 56432 | Elf:1    | Found Caremiynn's General Store.
 56435 | Elf:1    | Found Miut's Jewellery Shop.
 56826 | Elf:2    | Found Wugarol's Armour Shop.
 56890 | Elf:2    | Reached skill level 12 in Shields
 57012 | Elf:2    | Received a gift from Okawaru
 57287 | Elf:2    | Found a runed translucent gate.
 57287 | Elf:2    | Found a runed translucent gate.
 57289 | Elf:2    | Found a runed translucent gate.
 57346 | Elf:2    | Reached XP level 21. HP: 162/191 MP: 14/30
 57362 | Elf:2    | Reached skill level 13 in Shields
 57738 | Elf:3    | Identified the "Pohisez"
 57738 | Elf:3    | Identified the "Kabarel"
 57738 | Elf:3    | Entered Level 3 of the Elven Halls
 58642 | Elf:3    | Received a gift from Okawaru
 58726 | Elf:3    | Identified the +3 chain mail of the Furrier {+Inv rC- rN+
                  | Dex+4}
 58730 | Elf:3    | Reached skill level 14 in Shields
 59196 | Elf:3    | Identified the amulet of Intercession {Acrobat rC+ Dex+2}
 59351 | Elf:3    | Reached skill level 15 in Shields
 59639 | Elf:3    | You pick up a book of Minor Magic and begin reading...
 59646 | Elf:3    | You pick up a book of Misfortune and begin reading...
 59660 | Elf:3    | Identified the +0 leather armour of Hairy New Discoveries
                  | {Regen+ Str+2 Int+6 Stlth-}
 59674 | Elf:3    | Identified the +5 sling "Dragon's Tongue" {freeze, rElec
                  | Dex+3}
 59678 | Elf:3    | Identified the +0 chain mail "Limen" {rElec rPois Stlth+}
 59689 | Elf:3    | Identified the dragon-blood talisman of Boetro Dielu {rC++
                  | Str+4 Int-3 Dex+2}
 59705 | Elf:3    | You add the spells Vhi's Electric Charge and Arcjolt to
                  | your library.
 60038 | Depths:1 | Entered Level 1 of the Depths
 60038 | Depths:1 | Found a runed translucent door.
 60321 | Depths:1 | Found Vazenale's Book Boutique.
 60321 | Depths:1 | Found Puurch's Jewellery Emporium.
 60323 | Depths:1 | Found Veigruem's Book Boutique.
 60519 | Depths:1 | You pick up a book of Iron and begin reading...
 60522 | Depths:1 | You fall into a shaft and drop 1 floor!
 60535 | Depths:1 | Found a gateway to Hell.
 60632 | Depths:1 | Identified the +0 hand axe of Freehold {drain, Will+}
 60840 | Depths:1 | Found a one-way gateway to a ziggurat.
 61162 | Depths:2 | Reached skill level 1 in Transmutations
 61207 | Depths:2 | Received a gift from Okawaru
 61214 | Depths:2 | Reached skill level 2 in Transmutations
 61224 | Depths:2 | Reached skill level 18 in Fighting
 61415 | Depths:2 | Reached skill level 3 in Transmutations
 61663 | Depths:2 | Noticed Grunn
 61753 | Depths:2 | Reached skill level 7 in Spellcasting
 61773 | Depths:2 | Reached skill level 4 in Transmutations
 61776 | Depths:2 | Killed Grunn
 61950 | Depths:2 | You pick up a book of Spatial Translocations and begin
                  | reading...
 62233 | Depths:2 | Found a one-way gate to the infinite horrors of the Abyss.
 62375 | Depths:2 | Found a one-way gate leading to the halls of Pandemonium.
 62462 | Depths:3 | Noticed a golden dragon
 62504 | Depths:2 | Killed a golden dragon
 62608 | Depths:2 | Reached skill level 5 in Transmutations
 62625 | Depths:3 | Reached XP level 22. HP: 124/204 MP: 18/33
 62874 | Depths:3 | Reached skill level 8 in Spellcasting
 62985 | Depths:3 | Noticed Jory
 63009 | Depths:3 | Killed Jory
 63258 | Depths:3 | Reached skill level 19 in Fighting
 64143 | Depths:3 | Reached skill level 20 in Fighting
 64191 | Depths:3 | Identified the +1 robe "Cudaom" {-Cast Rampage Fly Str+6}
 64715 | Depths:4 | Entered Level 4 of the Depths
 65491 | Depths:4 | Found an ornate altar of the Wu Jian Council.
 65553 | Depths:4 | Found Edghom's Demolitions Depot.
 65677 | Depths:4 | Bought a wand of light (4) for 184 gold pieces
 65677 | Depths:4 | Bought a wand of digging (5) for 231 gold pieces
 66295 | Depths:4 | Reached skill level 16 in Shields
 66302 | Depths:4 | Noticed a golden dragon
 66312 | Depths:4 | Reached skill level 16 in Dodging
 66318 | Depths:4 | Killed a golden dragon
 66318 | Depths:4 | Identified +0 gold dragon scales
 66524 | Depths:4 | Found a gate to the Realm of Zot.
 66863 | Depths:3 | Identified the +2 quarterstaff "Wuvedwih" {flame, Fragile
                  | rF+ rC+ SInv}
 66874 | Depths:4 | magus.rc [v1.9.6]
 67333 | Depths:1 | Bought the macabre finger necklace {Finger+ rN+} for 440
                  | gold pieces
 67333 | Depths:1 | Found the macabre finger necklace {Finger+ rN+}
 67592 | Crypt:1  | Entered Level 1 of the Crypt
 67716 | Crypt:1  | Received a gift from Okawaru
 67729 | Crypt:1  | Found a magical portal.
 67738 | WizLab   | Entered Maxwell's Workshop
 68191 | WizLab   | Reached skill level 17 in Dodging
 68192 | WizLab   | Noticed an electric golem
 68198 | WizLab   | Identified the ring "Gufem" {Fire rN++ Will- Dex+6}
 68200 | WizLab   | Identified the ring of the Pariah {EV+5 Int+2}
 68247 | WizLab   | Killed an electric golem
 68248 | WizLab   | Reached XP level 23. HP: 182/215 MP: 5/35
 68523 | WizLab   | Identified the +4 demon whip of the Fray {drain, rElec
                  | rPois rCorr Int-5}
 68787 | WizLab   | Received a gift from Okawaru
 68820 | WizLab   | Identified the ring "Tarohure" {Fire Will+ Str+5}
 69251 | Crypt:1  | Found a huge runed translucent gate.
 69251 | Crypt:1  | Found a huge runed translucent gate.
 69252 | Crypt:1  | Found a huge runed translucent gate.
 69252 | Crypt:1  | Found a huge runed translucent gate.
 69252 | Crypt:1  | Found a huge runed translucent gate.
 69252 | Crypt:1  | Found a huge runed translucent gate.
 69255 | Crypt:1  | Found a huge runed translucent gate.
 69255 | Crypt:1  | Found a huge runed translucent gate.
 69255 | Crypt:1  | Found a huge runed translucent gate.
 69265 | Crypt:1  | HP: 52/215 [flayed ghost/flay_damage[a vampire mage] (15)]
 69430 | Crypt:1  | Reached skill level 18 in Dodging
 70153 | Crypt:2  | Reached skill level 5 in Evocations
 70421 | Crypt:2  | Received a gift from Okawaru
 70770 | Crypt:2  | Reached skill level 9 in Spellcasting
 70771 | Crypt:2  | Reached skill level 6 in Evocations
 71094 | Crypt:2  | Learned a level 5 spell: Yara's Violent Unravelling
 71184 | Crypt:2  | You pick up a book of Power and begin reading...
 71475 | Crypt:3  | Entered Level 3 of the Crypt
 71495 | Crypt:3  | Reached skill level 7 in Evocations
 71674 | Crypt:3  | Reached skill level 10 in Spellcasting
 71683 | Crypt:3  | Reached skill level 1 in Hexes
 71701 | Crypt:3  | Reached skill level 2 in Hexes
 71971 | Crypt:3  | Reached skill level 6 in Transmutations
 71998 | Crypt:3  | Reached skill level 3 in Hexes
 72069 | Crypt:3  | Reached skill level 4 in Hexes
 72076 | Crypt:3  | Reached skill level 7 in Transmutations
 72198 | Crypt:3  | Noticed a dread lich
 72219 | Crypt:3  | Killed a dread lich
 72220 | Crypt:3  | Reached skill level 5 in Hexes
 72237 | Crypt:3  | Found an ancient bone altar of Kikubaaqudgha.
 72318 | Crypt:3  | Reached skill level 8 in Transmutations
 72350 | Crypt:3  | Received a gift from Okawaru
 72351 | Crypt:3  | Reached skill level 6 in Hexes
 72352 | Crypt:3  | Reached XP level 24. HP: 128/224 MP: 8/37
 72812 | Crypt:3  | Reached skill level 7 in Hexes
 72871 | Crypt:3  | You add the spells Ozocubu's Armour and Ozocubu's
                  | Refrigeration to your library.
 73187 | Crypt:3  | Identified the amulet "Denimaowyi" {Spirit Str+3}
 73272 | Crypt:3  | Found a staircase to the Tomb.
 73977 | D:6      | Bought 2 potions of haste for 280 gold pieces
 73977 | D:6      | Bought a potion of invisibility for 112 gold pieces
 73977 | D:6      | Bought a potion of cancellation for 112 gold pieces
 73977 | D:6      | Bought a potion of brilliance for 56 gold pieces
 73977 | D:6      | Bought 2 potions of might for 112 gold pieces
 73977 | D:6      | Bought a potion of curing for 42 gold pieces
 74351 | Vaults:5 | Entered Level 5 of the Vaults
 74423 | Vaults:5 | Reached skill level 8 in Hexes
 74652 | Vaults:5 | Reached skill level 21 in Fighting
 74775 | Vaults:5 | Identified the staff "Utanut" {*Corrode +Blink rC+ rN+
                  | Dex+3 Ice}
 74776 | Vaults:5 | Identified the ring "Ugihec" {Will+ rCorr Str+6 Dex+4}
 74808 | Vaults:5 | Identified the staff of Tenacity {Str+3 Int+3 Conj}
 74940 | Vaults:5 | Received a gift from Okawaru
 75139 | Vaults:5 | Reached skill level 22 in Fighting
 75669 | Vaults:5 | You add the spells Sting and Poisonous Vapours to your
                  | library.
 75764 | Vaults:5 | quicksilver dragon scales {rare}; a +0 morningstar {mace};
                  | a +0 ring mail
 75771 | Vaults:5 | Received a gift from Okawaru
 75793 | Vaults:5 | You pick up a book of Dangerous Friends and begin
                  | reading...
 75859 | Vaults:5 | You add the spells Vampiric Draining and Borgnjor's Vile
                  | Clutch to your library.
 75862 | Vaults:5 | Identified the +2 sling "Ogreslayer" {flame, rF++ rCorr
                  | Str-3 Stlth+}
 76118 | Vaults:5 | Acquired 1301 gold pieces
 76123 | Vaults:5 | You pick up a book of Storms and begin reading...
 76365 | Vaults:5 | Reached skill level 17 in Shields
 76374 | Vaults:5 | Noticed a dread lich
 76391 | Vaults:5 | Killed a dread lich
 76406 | Vaults:5 | Got a silver rune of Zot
 76509 | Vaults:5 | Identified the ring of Leaves {rPois rN+ Str+5}
 76558 | Vaults:5 | You pick up a book of Frost and begin reading...
 76573 | Vaults:5 | You pick up a book of the Senses and begin reading...
 76573 | Vaults:5 | You add the spells Dazzling Flash and Agony to your
                  | library.
 77264 | Slime:1  | Entered Level 1 of the Pits of Slime
 77408 | Slime:2  | Noticed Dissolution
 77421 | Slime:1  | Killed Dissolution
 77442 | Slime:2  | Reached skill level 18 in Shields
 77466 | Slime:2  | Reached XP level 25. HP: 238/238 MP: 37/37
 78094 | Slime:5  | Entered Level 5 of the Pits of Slime
 78220 | Slime:5  | Reached skill level 19 in Shields
 78250 | Slime:5  | Found a viscous altar of Jiyva.
 78278 | Slime:5  | Noticed the Royal Jelly
 78311 | Slime:5  | Killed the Royal Jelly
 78550 | Slime:5  | Acquired the ring "Paabrun" {Drain rPois rN++ rCorr Str+6
                  | Dex+2}
 78581 | Slime:5  | Identified the dragon-blood talisman of Nenlid {rC- Str+6
                  | Dex+4}
 78584 | Slime:5  | Identified the +5 shortbow of Woe {drain, rF- rN+ SInv}
 78622 | Slime:5  | You pick up a book of Unlife and begin reading...
 78625 | Slime:5  | You pick up a book of Touch and begin reading...
 78629 | Slime:5  | You pick up a book of the Dragon and begin reading...
 78629 | Slime:5  | You add the spells Cause Fear and Fireball to your library.
 78637 | Slime:5  | Identified the staff of Destiny {rElec rF+ Str+5 Dex+3
                  | Fire}
 78657 | Slime:5  | Identified the staff of Checks and Balances {*Slow rN+
                  | Will+ Dex+3 Necro Tloc}
 78660 | Slime:5  | Got a slimy rune of Zot
 78667 | Slime:5  | You pick up a book of the Hunter and begin reading...
 78667 | Slime:5  | You add the spells Sigil of Binding and Dimensional
                  | Bullseye to your library.
 78673 | Slime:5  | You pick up a book of Dangerous Friends and begin
                  | reading...
 78923 | D:7      | Bought the ring of Joy {rF+ rC+} for 585 gold pieces
 79206 | Zot:1    | Entered Level 1 of the Realm of Zot
 79432 | Zot:3    | Noticed a curse toe
 79446 | Zot:3    | Killed a curse toe
 79651 | Zot:5    | Entered Level 5 of the Realm of Zot
 79815 | Zot:5    | Identified +0 gold dragon scales
 79849 | Zot:5    | Found a runed translucent door.
 79850 | Zot:5    | Found a shimmering altar of Xom.
 79850 | Zot:5    | Noticed Toelubet's ghost (veteran CeHu)
 79857 | Zot:5    | Noticed a Killer Klown
 79872 | Zot:5    | Reached skill level 20 in Shields
 79881 | Zot:5    | Killed a Killer Klown
 79977 | Zot:5    | Noticed an orb of fire
 79988 | Zot:5    | Killed an orb of fire
 80124 | Zot:5    | Reached skill level 19 in Dodging
 80134 | Zot:5    | magus.rc [v1.9.6]
 80391 | Zot:5    | Noticed an orb of fire
 80391 | Zot:5    | Noticed an orb of fire
 80401 | Zot:5    | Killed an orb of fire
 80405 | Zot:5    | Killed an orb of fire
 80431 | Zot:5    | Noticed a dread lich
 80433 | Zot:5    | Noticed an orb of fire
 80433 | Zot:5    | Noticed a Killer Klown
 80434 | Zot:5    | Noticed a Killer Klown
 80434 | Zot:5    | Noticed an orb of fire
 80434 | Zot:5    | Noticed an orb of fire
 80434 | Zot:5    | Noticed a dread lich
 80434 | Zot:5    | Noticed a Killer Klown
 80434 | Zot:5    | Noticed a dread lich
 80442 | Zot:5    | Killed a dread lich
 80449 | Zot:5    | Killed an orb of fire
 80460 | Zot:5    | Killed an orb of fire
 80465 | Zot:5    | Killed a dread lich
 80467 | Zot:5    | Received a gift from Okawaru
 80479 | Zot:5    | Killed an orb of fire
 80480 | Zot:5    | Reached skill level 20 in Dodging
 80488 | Zot:5    | Killed a Killer Klown
 80494 | Zot:5    | Killed a Killer Klown
 80509 | Zot:5    | Identified +0 gold dragon scales
 80517 | Zot:5    | Killed a dread lich
 80536 | Zot:5    | Killed a Killer Klown
 80569 | Zot:5    | Noticed an ancient lich
 80572 | Zot:5    | Noticed an electric golem
 80587 | Zot:5    | Killed an electric golem
 80597 | Zot:5    | Killed an ancient lich
 80624 | Zot:5    | Noticed an electric golem
 80635 | Zot:5    | Killed an electric golem
 80822 | Zot:5    | Received a gift from Okawaru
 80823 | Zot:5    | Reached XP level 26. HP: 246/246 MP: 36/37
 80834 | Zot:5    | Learned a level 4 spell: Vhi's Electric Charge
 80854 | Zot:5    | Reached skill level 21 in Dodging
 80873 | Zot:5    | Got the Orb of Zot
 80885 | Zot:5    | Noticed Becack the pandemonium lord
 80896 | Zot:5    | Killed Becack the pandemonium lord
 81295 | D:6      | Noticed Iteplol the pandemonium lord
 81418 | D:1      | Noticed Vatraupt the pandemonium lord
 81431 | D:$      | Escaped with the Orb!

Vanquished Creatures
  Dissolution (Slime:1)
  the Royal Jelly (Slime:5)
  5 dread liches
  An ancient lich (Zot:5)
  A pandemonium lord (Zot:5)
  6 orbs of fire (Zot:5)
  Mara (Spider:4)
  4 Killer Klowns (Zot:5)
  A curse toe (Zot:3)
  Nikola (Spider:1)
  2 bone dragons (Crypt:3)
  5 golden dragons
  Jory (Depths:3)
  Arachne (Spider:2)
  3 electric golems
  3 doom hounds (Depths:2)
  A hellephant (Depths:2)
  Jorgrun (Spider:1)
  A walking earthen tome (Depths:3)
  24 Orb Guardians
  Asterion (Spider:2)
  Mlioglotl (Spider:1)
  3 liches (Crypt:3)
  2 deep elf master archers (Elf:3)
  8 tentacled monstrosities
  Grunn (Depths:2)
  4 deep elf blademasters (Elf:3)
  2 titans
  4 quicksilver dragons
  9 sphinxes
  16 acid blobs
  A death cob (Zot:2)
  8 ancient champions
  7 storm dragons
  A kraken (Shoals:1)
  2 shadow dragons
  Roxanne (Spider:1)
  2 draconian monks (Depths:4)
  A storm dragon (shapeshifter) (Vaults:5)
  3 revenants
  Aizul (Spider:1)
  2 tengu reavers
  Kirke (Spider:3)
  8 azure jellies
  8 rockslimes
  An iron dragon (Vaults:5)
  8 fire giants
  13 frost giants
  4 deep elf sorcerers
  20 vault wardens
  2 deep elf elementalists (Elf:3)
  An emperor scorpion (Spider:4)
  5 ghouls
  A spectral juggernaut (Crypt:2)
  4 orc warlords
  7 ghost moths
  2 reapers (Crypt:3)
  9 quicksilver oozes (Slime:5)
  15 ironbound preservers
  17 stone giants
  8 formless jellyfish
  22 very ugly things
  14 ironbound thunderhulks
  Nessos (D:12)
  7 vampire knights
  7 war gargoyles
  3 caustic shrike skeletons (Crypt:3)
  2 broodmothers
  3 green draconians
  A lorocyproca (Zot:1)
  An eleionoma (shapeshifter) (Vaults:5)
  4 spark wasps
  Azrael (D:14)
  5 deep elf demonologists
  2 red draconians (Depths:4)
  7 deep elf annihilators
  2 purple draconians (Depths:4)
  3 halazid warlocks (Desolation)
  A white draconian (Zot:5)
  9 dire elephants
  A minotaur (Gauntlet)
  10 ettins
  Snorg (Lair:3)
  4 crystal guardians
  6 merfolk javelineers
  6 deep elf death magi
  6 eidola
  3 merfolk impalers
  12 jiangshi
  4 entropy weavers
  7 servants of whispers (Desolation)
  A spectral elf (Crypt:2)
  16 fire dragons
  A quicksilver dragon zombie (Crypt:2)
  8 ragged hierophants
  7 deep elf high priests
  Erolcha (Orc:2)
  A spectral spriggan (Crypt:2)
  5 hydras
  6 ice dragons
  3 spriggan skeletons (Crypt:3)
  6 great orbs of eyes
  2 rakshasas
  33 vault guards
  15 peacekeepers
  2 spriggan air magi (Depths:4)
  15 yaktaur captains
  A hell beast (Depths:2)
  2 ogre magi (Vaults:5)
  4 alligator snapping turtles
  6 jorogumos
  4 ironbound frosthearts
  A catoblepas (shapeshifter) (Vaults:5)
  A sphinx zombie (Depths:3)
  An alligator (shapeshifter) (Vaults:5)
  A fenstrider witch skeleton (Crypt:2)
  4 merfolk aquamancers (Shoals:4)
  10 dancing weapons
  4 merfolk avatars
  A radroach (Spider:4)
  3 catoblepae
  6 centaur warriors
  3 satyrs (Shoals:3)
  8 deep troll shamans
  4 boulder beetles
  2 two-headed ogres
  An Orb Guardian skeleton (Crypt:1)
  4 death knights
  14 vampire magi
  6 death yaks
  3 tengu warriors
  8 deep troll earth magi
  A titan zombie (Crypt:2)
  5 orc high priests
  2 occultists
  5 hell knights (Vaults:5)
  5 hell hogs (Depths:2)
  Urug (Lair:4)
  7 demonic crawlers
  5 spriggan berserkers
  A soul eater (Crypt:1)
  5 iron trolls
  Sonja (Orc:1)
  5 shadow wraiths
  6 skysharks
  9 arcanists
  18 deep elf knights
  2 storm dragon skeletons
  48 skeletal warriors
  4 pharaoh ants
  42 deep trolls
  8 lindwurms
  3 sun moths (Spider:4)
  5 glowing orange brains
  A swamp dragon (shapeshifter) (Vaults:5)
  7 sea snakes
  24 deep elf archers
  5 harpies (Shoals:2)
  3 spriggan simulacra (Crypt:2)
  A tengu zombie (Depths:3)
  2 anaconda zombies
  5 flayed ghosts
  16 orb spiders
  2 bog bodies
  2 bunyip skeletons (Crypt:3)
  7 steelbarb worms
  37 deep elf pyromancers
  An iron giant skeleton (Crypt:3)
  A frost giant zombie (Vaults:2)
  12 phantasmal warriors
  2 anaconda skeletons (Crypt:3)
  26 deep elf zephyrmancers
  11 necromancers
  A tengu skeleton (Vaults:2)
  9 orc knights
  16 wolf spiders
  25 ironbound convokers
  A mana viper (shapeshifter) (Vaults:3)
  6 orc sorcerers
  3 human zombies
  4 cyclopes
  2 oklob plants (Shoals:3)
  13 moths of wrath
  A salamander (shapeshifter) (Vaults:5)
  A spectral ice dragon (Crypt:2)
  14 manticores
  2 shining eyes (Slime:4)
  5 salamanders (WizLab)
  33 ugly things
  19 elephants
  A fire giant zombie (Crypt:1)
  10 merfolk sirens
  An elf zombie (Vaults:4)
  2 stone giant skeletons
  A water nymph (shapeshifter) (Vaults:5)
  17 fauns
  9 water nymphs
  2 human skeletons
  2 black mambas (Lair:2)
  A centaur zombie (Crypt:1)
  5 guardian serpents (Desolation)
  A rust devil (Zot:5)
  8 vault sentinels
  A shadow dragon skeleton (Crypt:3)
  2 eyes of devastation
  An elephant (shapeshifter) (Depths:3)
  6 molten gargoyles
  8 gargoyles
  A naga zombie (Crypt:1)
  9 torpor snails
  5 naga skeletons
  An orange demon (Zot:5)
  13 cane toads
  A cane toad (shapeshifter) (Depths:2)
  5 centaur skeletons (Crypt:3)
  3 rime drakes
  3 tengu conjurers
  8 komodo dragons
  A yaktaur (shapeshifter) (D:15)
  An unseen horror (shapeshifter) (D:15)
  A grey draconian zombie (Crypt:2)
  5 kobold demonologists
  6 freezing wraiths
  A white draconian zombie (Crypt:3)
  2 ice devils
  32 yaktaurs
  2 alligator snapping turtle skeletons (Crypt:3)
  A spectral naga (Crypt:2)
  A golden dragon simulacrum (Depths:3)
  A red devil (Depths:1)
  A spectral harpy (Crypt:2)
  2 bunyip simulacra (Crypt:2)
  6 meliai
  2 harpy zombies
  11 trolls
  4 guardian mummies (Crypt:3)
  A hornet (D:7)
  A purple draconian skeleton (Crypt:2)
  20 merfolk
  A hellwing (D:4)
  2 polar bears (Lair:5)
  9 wind drakes
  21 tarantellas
  2 glass eyes
  59 saltlings
  8 snapping turtles
  A dream sheep (shapeshifter) (Depths:1)
  13 blink frogs
  An ettin zombie (Crypt:2)
  6 dream sheep
  A hydra skeleton (Crypt:3)
  A fire giant simulacrum (Vaults:2)
  2 ice dragon zombies (Crypt:2)
  A centaur simulacrum (Crypt:2)
  2 fire dragon skeletons
  9 air elementals
  16 culicivoras
  A dire elephant simulacrum (Crypt:1)
  A hog (Spider:3)
  13 flying skulls
  93 slime creatures
  33 jumping spiders
  4 wyverns
  53 yaks
  2 vampires
  12 wraiths
  3 fire elementals
  2 shadows
  34 water elementals
  3 humans (Spider:3)
  A naga simulacrum (Crypt:2)
  A golden eye (D:5)
  2 humans (shapeshifter) (Elf:1)
  3 steam dragons
  4 basilisks
  An elf skeleton (Vaults:4)
  44 redbacks
  13 vampire mosquitoes
  Menkaure (Ossuary)
  6 wargs
  A harpy simulacrum (Crypt:2)
  2 glowing shapeshifter zombies
  An acid dragon (D:8)
  19 water moccasins
  5 hell hounds (D:14)
  A glowing shapeshifter skeleton (Vaults:1)
  A water nymph skeleton (Crypt:3)
  52 orc warriors
  3 black bears
  An elephant zombie (Crypt:2)
  A dream sheep zombie (Crypt:3)
  2 sky beasts (D:7)
  16 ogres
  5 boggarts (D:14)
  12 wolves
  7 centaurs
  2 kobold brigands
  2 phantoms (D:11)
  6 bullfrogs
  A glowing shapeshifter simulacrum (Vaults:2)
  3 gnoll sergeants
  7 earth elementals
  9 scorpions
  A wyvern zombie (Crypt:2)
  A cane toad simulacrum (Gauntlet)
  A yaktaur skeleton (Crypt:1)
  A draconian skeleton (Crypt:1)
  2 necrophages (Crypt:1)
  A salamander skeleton (Crypt:1)
  11 wights
  11 killer bees
  A raiju zombie (Crypt:2)
  6 howler monkeys
  A yak skeleton (Crypt:1)
  2 hounds (D:5)
  A jelly (D:5)
  2 basilisk zombies (Crypt:3)
  20 orc priests
  2 iguanas (D:5)
  A black bear skeleton (Crypt:1)
  A sleepcap (D:7)
  6 hell rats (Lair:4)
  27 orc wizards
  2 lightning spires (WizLab)
  A boggart skeleton (Crypt:3)
  A sky beast zombie (Crypt:1)
  9 ogre zombies
  A deep dwarf skeleton (Crypt:2)
  5 mummies
  27 gnolls
  5 adders
  A shadow imp (D:5)
  A swamp drake skeleton (Crypt:2)
  4 white imps (Gauntlet)
  6 worms
  3 dart slugs
  90 orcs
  7 endoplasms
  2 giant cockroaches (D:1)
  9 gnoll zombies
  11 goblins
  12 hobgoblins
  19 jackals
  5 quokkas
  2 ball pythons
  3 bats
  4 frilled lizards
  8 gnoll skeletons
  5 goblin skeletons (Ossuary)
  8 goblin zombies (Ossuary)
  6 hobgoblin skeletons (Ossuary)
  3 hobgoblin zombies (Ossuary)
  25 kobolds
  4 kobold skeletons
  5 kobold zombies (Ossuary)
  5 orc skeletons
  20 orc zombies
  5 rats
  2 rat skeletons (Ossuary)
  2 rat zombies (Ossuary)
  A river rat zombie (Crypt:1)
  2 tentacles (Shoals:1)
2468 creatures vanquished.

Vanquished Creatures (others)
  A deep elf pyromancer (Elf:1)
  An orc warrior (Elf:1)
  A bullfrog (D:9)
  An orc priest (Elf:1)
  An orc wizard (D:7)
  An orc (Orc:1)
  5 tentacles (Shoals:1)
11 creatures vanquished.

Grand Total: 2479 creatures vanquished

Table legend:
 A = Non-vault XP
 B = Vault XP
 C = Vault XP percentage of total XP
 D = Non-vault monster count
 E = Vault monster count
 F = Vault count percentage of total count
                 A         B        C        D         E       F
            +---------+---------+-------+---------+---------+-------
      Total |  622667 |  704923 |  53.1 |    1387 |    1050 |  43.1
            +---------+---------+-------+---------+---------+-------
        D:1 |      17 |       9 |  34.6 |      11 |       5 |  31.2
        D:2 |      69 |      40 |  36.7 |      24 |       7 |  22.6
        D:3 |      22 |     371 |  94.4 |      13 |      45 |  77.6
        D:4 |     453 |      18 |   3.8 |      21 |       1 |   4.5
        D:5 |     704 |     130 |  15.6 |      20 |       4 |  16.7
        D:6 |     880 |     182 |  17.1 |      11 |       3 |  21.4
        D:7 |    1670 |       0 |   0.0 |      18 |       0 |   0.0
        D:8 |    1016 |       0 |   0.0 |      20 |       0 |   0.0
        D:9 |    4532 |     436 |   8.8 |      40 |       8 |  16.7
       D:10 |    2624 |    1553 |  37.2 |      24 |       9 |  27.3
       D:11 |    5893 |    1007 |  14.6 |      23 |      36 |  61.0
       D:12 |    6400 |    1074 |  14.4 |      21 |       1 |   4.5
       D:13 |    2555 |    1078 |  29.7 |      12 |       2 |  14.3
       D:14 |    7756 |    1738 |  18.3 |      22 |       6 |  21.4
       D:15 |    5904 |    3746 |  38.8 |      14 |       5 |  26.3
     Lair:1 |    5948 |       0 |   0.0 |      16 |       0 |   0.0
     Lair:2 |    1611 |    3946 |  71.0 |       8 |      18 |  69.2
     Lair:3 |    5401 |     939 |  14.8 |      18 |       1 |   5.3
     Lair:4 |   10846 |    1148 |   9.6 |      34 |       3 |   8.1
     Lair:5 |    9879 |   12255 |  55.4 |      25 |      31 |  55.4
   Shoals:1 |   18867 |       0 |   0.0 |      38 |       0 |   0.0
   Shoals:2 |   10230 |       0 |   0.0 |      19 |       0 |   0.0
   Shoals:3 |   16075 |    1588 |   9.0 |      32 |       3 |   8.6
   Shoals:4 |    6727 |   21996 |  76.6 |      18 |      48 |  72.7
   Spider:1 |   16828 |    8865 |  34.5 |      49 |       5 |   9.3
   Spider:2 |   19300 |    3809 |  16.5 |      52 |       2 |   3.7
   Spider:3 |    4002 |    1576 |  28.3 |       7 |       2 |  22.2
   Spider:4 |   21866 |   31589 |  59.1 |      48 |      50 |  51.0
    Slime:1 |    5173 |    7988 |  60.7 |      12 |       1 |   7.7
    Slime:2 |    8404 |       0 |   0.0 |      16 |       0 |   0.0
    Slime:3 |    8430 |       0 |   0.0 |      10 |       0 |   0.0
    Slime:4 |    8019 |       0 |   0.0 |      23 |       0 |   0.0
    Slime:5 |   16951 |   12045 |  41.5 |      35 |       7 |  16.7
      Orc:1 |    2340 |     769 |  24.7 |      41 |       1 |   2.4
      Orc:2 |    6392 |    9144 |  58.9 |      47 |      28 |  37.3
      Elf:1 |   33059 |   17483 |  34.6 |      67 |      38 |  36.2
      Elf:2 |   17906 |     831 |   4.4 |      29 |       1 |   3.3
      Elf:3 |   16411 |   31638 |  65.8 |      27 |      29 |  51.8
   Vaults:1 |    7301 |   23625 |  76.4 |      10 |      29 |  74.4
   Vaults:2 |   12380 |   11257 |  47.6 |      18 |      17 |  48.6
   Vaults:3 |   32948 |   22660 |  40.7 |      49 |      25 |  33.8
   Vaults:4 |   23042 |   34201 |  59.7 |      39 |      45 |  53.6
   Vaults:5 |   27181 |   89738 |  76.8 |      37 |      84 |  69.4
    Crypt:1 |   35309 |       0 |   0.0 |      61 |       0 |   0.0
    Crypt:2 |   23740 |   10916 |  31.5 |      41 |      21 |  33.9
    Crypt:3 |   25057 |   67919 |  73.1 |      35 |      84 |  70.6
   Depths:1 |   11942 |       0 |   0.0 |      21 |       0 |   0.0
   Depths:2 |   25160 |   32843 |  56.6 |      29 |      27 |  48.2
   Depths:3 |   34797 |   25362 |  42.2 |      38 |      26 |  40.6
   Depths:4 |   21012 |   24705 |  54.0 |      23 |      23 |  50.0
      Zot:1 |    4630 |       0 |   0.0 |       5 |       0 |   0.0
      Zot:2 |    5205 |       0 |   0.0 |       4 |       0 |   0.0
      Zot:3 |    7690 |       0 |   0.0 |       5 |       0 |   0.0
      Zot:4 |       0 |     484 | 100.0 |       0 |       1 | 100.0
      Zot:5 |   14113 |  103268 |  88.0 |       7 |      41 |  85.4
    Ossuary |       0 |     279 | 100.0 |       0 |      54 | 100.0
     Bailey |       0 |     815 | 100.0 |       0 |      27 | 100.0
     WizLab |       0 |   31829 | 100.0 |       0 |      44 | 100.0
 Desolation |       0 |   42437 | 100.0 |       0 |      91 | 100.0
   Gauntlet |       0 |    3594 | 100.0 |       0 |      11 | 100.0
            +---------+---------+-------+---------+---------+-------

Skill      XL: |  1  2  3  4  5  6  7  8  9 10 11 12 13 14 15 16 17 18 19 20 21 22 23 24 25 26 |
---------------+-------------------------------------------------------------------------------+-----
Stealth        | 1 2 |  2.0
Maces & Flails | 4 5 6 8 10 11 13 15 16 | 16.6
Fighting       | 3 4 5 6 7 10 11 13 15 17 18 20 22 | 22.0
Dodging        | 4 6 8 12 13 15 17 18 20 21 | 21.2
Evocations     | 1 4 7 |  7.0
Earth Magic    | 4 6 |  6.3
Conjurations   | 4 6 |  6.2
Invocations    | 1 4 5 8 12 | 12.0
Translocations | 5 10 | 10.0
Spellcasting   | 4 6 7 8 10 | 10.0
Shapeshifting  | 4 10 | 10.0
Poison Magic   | 3 |  3.0
Air Magic      | 3 |  3.0
Axes           | 8 14 | 14.8
Shields        | 12 15 16 18 20 | 20.0
Transmutations | 5 8 |  8.0
Hexes          | 6 8 |  8.0

Action                     |  1- 3 |  4- 6 |  7- 9 | 10-12 | 13-15 | 16-18 | 19-21 | 22-24 | 25-27 || total
---------------------------+-------+-------+-------+-------+-------+-------+-------+-------+-------++-------
  Melee: Mace              |   132 |   203 |       |       |       |       |       |       |       ||   335
         Tailslap          |     8 |    34 |   103 |    97 |    51 |    84 |   192 |   538 |   129 ||  1236
         Punch             |       |     3 |     8 |     2 |       |       |       |       |       ||    13
         Whip              |       |    74 |   607 |    39 |       |       |       |       |       ||   720
         Flail             |       |       |    12 |       |       |       |       |       |       ||    12
         Dire flail        |       |       |       |   470 |       |       |       |       |       ||   470
         Great mace        |       |       |       |   163 |   832 |  1179 |   809 |       |       ||  2983
         Maw               |       |       |       |       |     7 |   199 |   372 |   828 |   217 ||  1623
         Broad axe         |       |       |       |       |       |       |   823 |  2268 |   553 ||  3644
  Throw: Throwing net      |       |       |       |     1 |       |       |       |       |       ||     1
   Cast: Momentum Strike   |     3 |     2 |     1 |       |       |       |       |       |       ||     6
         Kiss of Death     |       |     1 |     1 |       |       |       |       |       |       ||     2
         Stone Arrow       |       |       |    16 |     3 |       |       |       |       |       ||    19
         Manifold Assault  |       |       |       |       |   237 |   360 |   318 |   200 |    36 ||  1151
         Wereblood         |       |       |       |       |       |     6 |     5 |    13 |     6 ||    30
         Mephitic Cloud    |       |       |       |       |       |       |       |     1 |       ||     1
         Yara's Violent Un |       |       |       |       |       |       |       |       |     1 ||     1
 Invoke: Heroism           |       |       |       |     9 |    15 |    22 |    16 |    25 |    10 ||    97
         Receive Weapon    |       |       |       |     1 |       |       |       |       |       ||     1
         Receive Armour    |       |       |       |     1 |       |       |       |       |       ||     1
         Finesse           |       |       |       |       |    10 |    15 |     8 |    14 |     7 ||    54
  Evoke: Wand              |       |       |     5 |    13 |     9 |     6 |     6 |     1 |    10 ||    50
         Lightning rod     |       |       |       |       |       |       |     3 |       |       ||     3
         Phial of floods   |       |       |       |       |       |       |     3 |       |     1 ||     4
         Tin of tremorston |       |       |       |       |       |       |       |     1 |       ||     1
    Use: Scroll            |     5 |     3 |    12 |     8 |    21 |    14 |     7 |     9 |    20 ||    99
         Potion            |       |       |     1 |     1 |     7 |     3 |       |     2 |     4 ||    18
   Stab: Sleeping          |     3 |     2 |     4 |     5 |     1 |     5 |     2 |     2 |     4 ||    28
         Distracted        |       |       |     1 |       |       |       |       |     2 |       ||     3
         Held in net/web   |       |       |       |     1 |       |       |       |       |       ||     1
         Petrified         |       |       |       |       |       |       |       |     3 |       ||     3
         Invisible         |       |       |       |       |       |       |       |     1 |       ||     1
 Armour: Skin              |    73 |   152 |   267 |   392 |   276 |   557 |   562 |   665 |   116 ||  3060
  Dodge: Dodged            |    82 |   185 |   246 |   438 |   574 |  1072 |   802 |   762 |   151 ||  4312
  Block: Kite shield       |       |       |       |       |       |       |   422 |  1286 |    89 ||  1797
         Tower shield      |       |       |       |       |       |       |       |       |   221 ||   221
   Form: Maw               |       |       |       |       |     1 |       |     1 |       |       ||     2
         Dragon            |       |       |       |       |       |       |     1 |       |       ||     1

Illustrated notes

Table legend:
 A = Kills in this place as a percentage of kills in the entire game.
 B = Kills by you in this place as a percentage of kills by you in the entire game.
 C = Kills by friends in this place as a percentage of kills by friends in the entire game.
 D = Other kills in this place as a percentage of other kills in the entire game.
 E = Experience gained in this place as a percentage of experience gained in the entire game.
 F = Experience gained in this place divided by the number of levels of this place that you have seen.
                   A       B       C       D       E      F
               +-------+-------+-------+-------+-------+----------------------
         Total | 100.0 | 100.0 |   N/A | 100.0 | 100.0 | 21916.1
       Dungeon |  17.5 |  17.4 |   N/A |  50.0 |   3.9 | 3491.3
          Lair |   6.3 |   6.3 |   N/A |   0.0 |   3.9 | 10394.6
        Shoals |   6.5 |   6.5 |   N/A |   0.0 |   5.6 | 18870.8
   Spider Nest |   8.8 |   8.8 |   N/A |   0.0 |   8.1 | 26958.8
    Slime Pits |   4.3 |   4.3 |   N/A |   0.0 |   5.0 | 13402.0
  Orcish Mines |   4.8 |   4.8 |   N/A |   0.0 |   1.4 | 9322.5
   Elven Halls |   7.8 |   7.7 |   N/A |  50.0 |   8.8 | 39109.3
        Vaults |  14.4 |  14.5 |   N/A |   0.0 |  21.3 | 56866.6
         Crypt |   9.9 |   9.9 |   N/A |   0.0 |  12.2 | 54313.7
        Depths |   7.7 |   7.7 |   N/A |   0.0 |  13.2 | 44035.8
           Zot |   2.8 |   2.8 |   N/A |   0.0 |  10.8 | 28774.0
       Ossuary |   2.2 |   2.2 |   N/A |   0.0 |   0.0 | 279.0
        Bailey |   1.1 |   1.1 |   N/A |   0.0 |   0.1 | 815.0
        Wizlab |   1.8 |   1.8 |   N/A |   0.0 |   2.4 | 31829.0
    Desolation |   3.7 |   3.7 |   N/A |   0.0 |   3.2 | 42437.0
      Gauntlet |   0.4 |   0.5 |   N/A |   0.0 |   0.3 | 3594.0
               +-------+-------+-------+-------+-------+----------------------

Table legend: (Time is in decaauts)
 A = Elapsed time spent in this place.
 B = Non-inter-level travel time spent in this place.
 C = Inter-level travel time spent in this place.
 D = Time resting spent in this place.
 E = Time spent auto-exploring this place.
 F = Levels seen in this place.
 G = Mean time per level.
                   A        B        C        D        E       F      G
               +--------+--------+--------+--------+--------+-----+--------+
         Total |  80652 |  74069 |   6583 |  14332 |  43608 |  61 | 1322.2 |
       Dungeon |  20020 |  17094 |   2926 |   2756 |  10562 |  15 | 1334.7 |
        Temple |     56 |      1 |     55 |      0 |      0 |   1 |   56.0 |
          Lair |   6643 |   6133 |    510 |   1254 |   3700 |   5 | 1328.6 |
        Shoals |   6484 |   6378 |    106 |    858 |   4602 |   4 | 1621.0 |
   Spider Nest |   8081 |   7859 |    222 |   2212 |   4496 |   4 | 2020.2 |
    Slime Pits |   1378 |   1304 |     74 |    247 |    548 |   5 |  275.6 |
  Orcish Mines |   2428 |   2081 |    347 |    371 |   1255 |   2 | 1214.0 |
   Elven Halls |   5321 |   5020 |    301 |   1292 |   2505 |   3 | 1773.7 |
        Vaults |  12537 |  11203 |   1334 |   1530 |   7817 |   5 | 2507.4 |
         Crypt |   4405 |   4320 |     85 |    742 |   2337 |   3 | 1468.3 |
        Depths |   6954 |   6444 |    510 |   1226 |   4110 |   4 | 1738.5 |
           Zot |   1751 |   1643 |    108 |    477 |    312 |   5 |  350.2 |
       Ossuary |    556 |    556 |      0 |    113 |    113 |   1 |  556.0 |
        Bailey |    394 |    394 |      0 |     38 |     74 |   1 |  394.0 |
        Wizlab |   1264 |   1264 |      0 |    675 |    226 |   1 | 1264.0 |
    Desolation |   2036 |   2036 |      0 |    491 |    809 |   1 | 2036.0 |
      Gauntlet |    336 |    336 |      0 |     45 |    142 |   1 |  336.0 |
               +--------+--------+--------+--------+--------+-----+--------+

Top non-repeatable levels by time:
Vaults:4: 2948 daAuts
Spider:4: 2791 daAuts
Vaults:1: 2468 daAuts
   Elf:1: 2451 daAuts
Vaults:5: 2398 daAuts
Vaults:3: 2392 daAuts
Vaults:2: 2329 daAuts
Spider:1: 2264 daAuts
Depths:3: 2217 daAuts
   Elf:3: 2083 daAuts
Desolation: 2036 daAuts
Depths:4: 2010 daAuts
Shoals:3: 1989 daAuts
 Crypt:3: 1920 daAuts
    D:10: 1913 daAuts
